Workbook
Name \0: #REF!
Name \a: #REF!
Name \c: [1]PLMUSEU!#REF!
Name \d: '[2]Bm 8'!#REF!
Name \f: #N/A
Name \I: #REF!
Name \p: #N/A
Name \q: '[2]Bm 8'!#REF!
Name \S: [3]COMPOS1!#REF!
Name \x: [1]PLMUSEU!#REF!
Name \y: #REF!
Name \z: [1]PLMUSEU!#REF!
Name ______BOR1: '[2]Bm 8'!#REF!
Name ______PL1: #REF!
Name _____PL1: #REF!
Name ____Ele200502: #REF!
Name ____Ele200609: #REF!
Name ____PL1: #REF!
Name ____pv2: #REF!
Name ____pv3: #REF!
Name ____REV5: #REF!
Name ____Ser200506: #REF!
Name ____Ser200705: #REF!
Name ____Ser200712: #REF!
Name ____Ser201104: #REF!
Name ____TR2: #REF!
Name ____TR5: #REF!
Name ___BOR1: '[2]Bm 8'!#REF!
Name ___Ele200502: #REF!
Name ___Ele200609: #REF!
Name ___MDO1: [4]INSUMOS!$C$8
Name ___MDO2: [5]INSUMOS!$C$6
Name ___PL1: #REF!
Name ___pv2: #REF!
Name ___pv3: #REF!
Name ___R: #REF!
Name ___REV5: #REF!
Name ___Ser200506: #REF!
Name ___Ser200705: #REF!
Name ___Ser200712: #REF!
Name ___Ser201104: #REF!
Name ___tab1: #REF!
Name ___TR2: #REF!
Name ___TR5: #REF!
Name __BDI1: [7]Dados!#REF!
Name __BOR1: '[2]Bm 8'!#REF!
Name __Ele200502: #REF!
Name __Ele200609: #REF!
Name __MDO1: [4]INSUMOS!$C$8
Name __MDO2: [5]INSUMOS!$C$6
Name __PL1: #REF!
Name __pv2: #REF!
Name __pv3: #REF!
Name __R: #REF!
Name __REV5: #REF!
Name __Ser200506: #REF!
Name __Ser200705: #REF!
Name __Ser200712: #REF!
Name __Ser201104: #REF!
Name __tab1: #REF!

Sheet RESUMO
A1: ESTADO DO PARÁ
A2: PREFEITURA MUNICIPAL DE XIINGUARA-PA
A3: CNPJ 04.144.150/0001-20
A4: ADM. 2025/2028
A6: Cliente: | B6: PREFEITURA MUNICIPAL DE XINGUARA
A7: Adm: | B7: OSVALDO DE OLIVEIRA ASSUNÇÃO JUNIOR
A8: Objeto: | B8: CONSTRUÇÃO DE UMA PONTE DE CONCRETO NA VICINAL BARREIRO PRETO
A9: Endereço: | B9: MUNICIPIO DE XINGUARA-PA, ZONA RURAL
A10: Data: | B10: 46106
D11: Bancos | F11: B.D.I. | G11: Encargos Sociais
D12: SINAPI - 04/2026 - Pará SICRO3 - 01/2026 - Pará | F12: 0.2467 | G12: Não Desonerado: embutido nos preços unitário dos insumos de mão de obra, de acordo com as bases.
A13: ORÇAMENTO RESUMIDO
A14: Item | B14: Descrição | G14: Total | H14: Peso (%)
A15: 1 | B15: ADMINISTRAÇÃO LOCAL DA OBRA | G15: 28413.76 | H15: 0.052926737
A16: 2 | B16: MOBILIZAÇÃO E DESMOBILIZAÇÃO | G16: 9777.31 | H16: 0.018212342
A17: 3 | B17: PONTE BARREIRO PRETO (16,00 x 4,80 x 5,00) | G17: 498659.71 | H17: 0.92886092
E19: Total sem BDI | G19: 430649.83
E20: Total do BDI | G20: 106200.95
E21: Total Geral | G21: 536850.78

Sheet ORÇAMENTO SINTETICO
A1: =RESUMO!A1 -> ESTADO DO PARÁ
A2: =RESUMO!A2 -> PREFEITURA MUNICIPAL DE XIINGUARA-PA
A3: =RESUMO!A3 -> CNPJ 04.144.150/0001-20
A4: =RESUMO!A4 -> ADM. 2025/2028
A6: Cliente: | B6: =RESUMO!B6 -> PREFEITURA MUNICIPAL DE XINGUARA
A7: Adm: | B7: =RESUMO!B7 -> OSVALDO DE OLIVEIRA ASSUNÇÃO JUNIOR
A8: Objeto: | B8: =RESUMO!B8 -> CONSTRUÇÃO DE UMA PONTE DE CONCRETO NA VICINAL BARREIRO PRETO
A9: Endereço: | B9: =RESUMO!B9 -> MUNICIPIO DE XINGUARA-PA, ZONA RURAL
A10: Data: | B10: =RESUMO!B10 -> 46106
A11: Legenda
A12: Composição
A13: Insumo
E14: Bancos | G14: B.D.I. | I14: Encargos Sociais
E15: =RESUMO!$D$12 -> SINAPI - 04/2026 - Pará SICRO3 - 01/2026 - Pará | G15: =RESUMO!F12 -> 0.2467 | I15: =RESUMO!G12 -> Não Desonerado: embutido nos preços unitário dos insumos de mão de obra, de acordo com as bases.
A16: Orçamento Sintético
A17: Item | B17: Código | C17: Banco | D17: Descrição | E17: Und | F17: Quant. | G17: Valor Unit | H17: Valor Unit com BDI | I17: Total | J17: Peso (%)
A18: 1 | D18: ADMINISTRAÇÃO LOCAL DA OBRA | I18: 28413.76 | J18: 0.052926737
A19: 1.1 | B19: 0204 | C19: Próprio | D19: ADMINISTRAÇÃO LOCAL DA OBRA | E19: mês | F19: 4 | G19: 5697.8 | H19: 7103.44 | I19: 28413.76 | J19: 0.052926737
A20: 2 | D20: MOBILIZAÇÃO E DESMOBILIZAÇÃO | I20: 9777.31 | J20: 0.018212342
A21: 2.1 | B21: 0208 | C21: Próprio | D21: MOBILIZAÇÃO E DESMOBILIZAÇÃO PONTES | E21: UND | F21: 1 | G21: 7842.56 | H21: 9777.31 | I21: 9777.31 | J21: 0.018212342
A22: 3 | D22: PONTE BARREIRO PRETO (16,00 x 4,80 x 5,00) | I22: 498659.71 | J22: 0.92886092
A23: 3.1 | D23: SERVIÇOS PRELIMINARES | I23: 8959.68 | J23: 0.01668933
A24: 3.1.1 | B24: 103689 | C24: SINAPI | D24: FORNECIMENTO E INSTALAÇÃO DE PLACA DE OBRA COM CHAPA GALVANIZADA E ESTRUTURA DE MADEIRA. AF_03/2022_PS | E24: m² | F24: 6.48 | G24: 507.2 | H24: 632.32 | I24: 4097.43 | J24: 0.0076323443
A25: 3.1.2 | B25: 5213465 | C25: SICRO3 | D25: Placa de advertência em aço, lado de 0,80 m - película retrorrefletiva tipo I + SI - fornecimento e implantação | E25: un | F25: 6 | G25: 503.51 | H25: 627.72 | I25: 3766.32 | J25: 0.0070155808
A26: 3.1.3 | B26: CPU124 | C26: Próprio | D26: Locação da obra a aparelho | E26: m² | F26: 76.8 | G26: 11.45 | H26: 14.27 | I26: 1095.93 | J26: 0.0020414052
A27: 3.2 | D27: CANTEIRO DE OBRAS | I27: 13807.7 | J27: 0.02571981
A28: 3.2.1 | B28: 101498 | C28: SINAPI | D28: ENTRADA DE ENERGIA ELÉTRICA, AÉREA, BIFÁSICA, COM CAIXA DE SOBREPOR, CABO DE 16 MM2 E DISJUNTOR DIN 50A (NÃO INCLUSO O POSTE DE CONCRETO). AF_12/2025 | E28: UN | F28: 1 | G28: 2291.69 | H28: 2857.04 | I28: 2857.04 | J28: 0.0053218513
A29: 3.2.2 | B29: CPU125 | C29: Próprio | D29: EXECUÇÃO DE ALMOXARIFADO EM CANTEIRO DE OBRA EM CHAPA DE MADEIRA COMPENSADA, INCLUSO PRATELEIRAS. AF_02/2016 | E29: m² | F29: 9 | G29: 975.97 | H29: 1216.74 | I29: 10950.66 | J29: 0.020397959
A30: 3.3 | D30: MOVIMENTAÇÃO DE TERRA | I30: 8745.66 | J30: 0.016290672
A31: 3.3.1 | B31: 98525 | C31: SINAPI | D31: LIMPEZA MECANIZADA DE CAMADA VEGETAL, VEGETAÇÃO E PEQUENAS ÁRVORES (DIÂMETRO DE TRONCO MENOR QUE 0,20 M), COM TRATOR DE ESTEIRAS. AF_03/2024 | E31: m² | F31: 400 | G31: 0.73 | H31: 0.91 | I31: 364 | J31: 0.00067802826
A32: 3.3.2 | B32: 100983 | C32: SINAPI | D32: CARGA, MANOBRA E DESCARGA DE ENTULHO EM CAMINHÃO BASCULANTE 14 M³ - CARGA COM ESCAVADEIRA HIDRÁULICA (CAÇAMBA DE 0,80 M³ / 111 HP) E DESCARGA LIVRE (UNIDADE: M3). AF_02/2026 | E32: m³ | F32: 80 | G32: 10.04 | H32: 12.51 | I32: 1000.8 | J32: 0.0018642052
A33: 3.3.3 | B33: 93592 | C33: SINAPI | D33: TRANSPORTE COM CAMINHÃO BASCULANTE DE 14 M³, EM VIA URBANA EM REVESTIMENTO PRIMÁRIO (UNIDADE: M3XKM). AF_02/2026 | E33: M3XKM | F33: 400 | G33: 2.83 | H33: 3.52 | I33: 1408 | J33: 0.0026227027
A34: 3.3.4 | B34: 4805757 | C34: SICRO3 | D34: Escavação mecânica de vala em material de 1ª categoria | E34: m³ | F34: 377.1 | G34: 7.36 | H34: 9.17 | I34: 3458 | J34: 0.0064412685
A35: 3.3.5 | B35: 5915407 | C35: SICRO3 | D35: Carga, manobra e descarga de agregados ou solos em caminhão basculante de 10 m³ - carga com carregadeira de 3,40 m³ e descarga livre | E35: t | F35: 651.52 | G35: 3.1 | H35: 3.86 | I35: 2514.86 | J35: 0.0046844674
A36: 3.4 | D36: ALAS - CABECEIRAS DE CONCRETO | I36: 196978.4 | J36: 0.36691462
A37: 3.4.1 | B37: 2306113 | C37: SICRO3 | D37: Estaca trilho TR 68 - fornecimento e cravação | E37: m | F37: 168 | G37: 427.59 | H37: 533.07 | I37: 89555.76 | J37: 0.16681686
A38: 3.4.2 | B38: 100343 | C38: SINAPI | D38: ARMAÇÃO DE CORTINA DE CONTENÇÃO EM CONCRETO ARMADO, COM AÇO CA-50 DE 8 MM - MONTAGEM. AF_11/2024 | E38: KG | F38: 1104.94 | G38: 15.41 | H38: 19.21 | I38: 21225.89 | J38: 0.039537784
A39: 3.4.3 | B39: 100346 | C39: SINAPI | D39: ARMAÇÃO DE CORTINA DE CONTENÇÃO EM CONCRETO ARMADO, COM AÇO CA-50 DE 16 MM - MONTAGEM. AF_11/2024 | E39: KG | F39: 74.73 | G39: 9.1 | H39: 11.34 | I39: 847.43 | J39: 0.0015785206
A40: 3.4.4 | B40: 100344 | C40: SINAPI | D40: ARMAÇÃO DE CORTINA DE CONTENÇÃO EM CONCRETO ARMADO, COM AÇO CA-50 DE 10 MM - MONTAGEM. AF_11/2024 | E40: KG | F40: 408.31 | G40: 12.45 | H40: 15.52 | I40: 6336.97 | J40: 0.011803969
A41: 3.4.5 | B41: 100341 | C41: SINAPI | D41: FABRICAÇÃO, MONTAGEM E DESMONTAGEM DE FÔRMA PARA CORTINA DE CONTENÇÃO, EM CHAPA DE MADEIRA COMPENSADA PLASTIFICADA, E = 18 MM, 10 UTILIZAÇÕES. AF_11/2024 | E41: m² | F41: 289.08 | G41: 45.55 | H41: 56.78 | I41: 16413.96 | J41: 0.030574529
A42: 3.4.6 | B42: 102483 | C42: SINAPI | D42: CONCRETO FCK = 30MPA, TRAÇO 1:1,9:2,3 (EM MASSA SECA DE CIMENTO/ AREIA MÉDIA/ SEIXO ROLADO) - PREPARO MECÂNICO COM BETONEIRA 600 L. AF_05/2021 | E42: m³ | F42: 42.61 | G42: 754.3 | H42: 940.38 | I42: 40069.59 | J42: 0.074638226
A43: 3.4.7 | B43: 95609 | C43: SINAPI | D43: ARRASAMENTO MECÂNICO DE ESTACA METÁLICA, PERFIL LAMINADO TIPO H - FAMÍLIA 310. AF_05/2021 | E43: UN | F43: 28 | G43: 54.93 | H43: 68.48 | I43: 1917.44 | J43: 0.0035716442
A44: 3.4.8 | B44: 93421 | C44: SINAPI | D44: GRUPO GERADOR REBOCÁVEL, POTÊNCIA 66 KVA, MOTOR A DIESEL - CHP DIURNO. AF_03/2016 | E44: CHP | F44: 176 | G44: 93.94 | H44: 117.11 | I44: 20611.36 | J44: 0.038393089
A45: 3.5 | D45: MESOESTRUTURA | I45: 59093.51 | J45: 0.11007437
A46: 3.5.1 | D46: BLOCOS DOS PILARES | I46: 41720.62 | J46: 0.077713625
A47: 3.5.1.1 | B47: 2306113 | C47: SICRO3 | D47: Estaca trilho TR 68 - fornecimento e cravação | E47: m | F47: 48 | G47: 427.59 | H47: 533.07 | I47: 25587.36 | J47: 0.047661959
A48: 3.5.1.2 | B48: 96619 | C48: SINAPI | D48: LASTRO DE CONCRETO MAGRO, APLICADO EM BLOCOS DE COROAMENTO OU SAPATAS, ESPESSURA DE 5 CM. AF_01/2024 | E48: m² | F48: 6 | G48: 54.34 | H48: 67.74 | I48: 406.44 | J48: 0.00075708188
A49: 3.5.1.3 | B49: 96540 | C49: SINAPI | D49: FABRICAÇÃO, MONTAGEM E DESMONTAGEM DE FÔRMA PARA BLOCO DE COROAMENTO, EM CHAPA DE MADEIRA COMPENSADA RESINADA, E=17 MM, 4 UTILIZAÇÕES. AF_01/2024 | E49: m² | F49: 17.92 | G49: 153.56 | H49: 191.44 | I49: 3430.6 | J49: 0.0063902301
A50: 3.5.1.4 | B50: 104920 | C50: SINAPI | D50: ARMAÇÃO DE BLOCO, SAPATA ISOLADA, VIGA BALDRAME E SAPATA CORRIDA UTILIZANDO AÇO CA-50 DE 12,5 MM - MONTAGEM. AF_01/2024 | E50: KG | F50: 170.57 | G50: 10.88 | H50: 13.56 | I50: 2312.92 | J50: 0.0043083108
A51: 3.5.1.5 | B51: 96545 | C51: SINAPI | D51: ARMAÇÃO DE BLOCO UTILIZANDO AÇO CA-50 DE 8 MM - MONTAGEM. AF_01/2024 | E51: KG | F51: 31.09 | G51: 16.68 | H51: 20.79 | I51: 646.36 | J51: 0.0012039845
A52: 3.5.1.6 | B52: 96546 | C52: SINAPI | D52: ARMAÇÃO DE BLOCO UTILIZANDO AÇO CA-50 DE 10 MM - MONTAGEM. AF_01/2024 | E52: KG | F52: 238.31 | G52: 14.39 | H52: 17.94 | I52: 4275.28 | J52: 0.0079636282
A53: 3.5.1.7 | B53: 102483 | C53: SINAPI | D53: CONCRETO FCK = 30MPA, TRAÇO 1:1,9:2,3 (EM MASSA SECA DE CIMENTO/ AREIA MÉDIA/ SEIXO ROLADO) - PREPARO MECÂNICO COM BETONEIRA 600 L. AF_05/2021 | E53: m³ | F53: 4.8 | G53: 754.3 | H53: 940.38 | I53: 4513.82 | J53: 0.0084079602
A54: 3.5.1.8 | B54: 95609 | C54: SINAPI | D54: ARRASAMENTO MECÂNICO DE ESTACA METÁLICA, PERFIL LAMINADO TIPO H - FAMÍLIA 310. AF_05/2021 | E54: UN | F54: 8 | G54: 54.93 | H54: 68.48 | I54: 547.84 | J54: 0.0010204698
A55: 3.5.2 | D55: PILARES LATERAIS | I55: 17372.89 | J55: 0.032360743
A56: 3.5.2.1 | B56: 92263 | C56: SINAPI | D56: FABRICAÇÃO DE FÔRMA PARA PILARES E ESTRUTURAS SIMILARES, EM CHAPA DE MADEIRA COMPENSADA RESINADA, E = 17 MM. AF_09/2020 | E56: m² | F56: 34.62 | G56: 197.45 | H56: 246.16 | I56: 8522.05 | J56: 0.01587415
A57: 3.5.2.2 | B57: 92764 | C57: SINAPI | D57: ARMAÇÃO DE PILAR OU VIGA DE ESTRUTURA CONVENCIONAL DE CONCRETO ARMADO UTILIZANDO AÇO CA-50 DE 16,0 MM - MONTAGEM. AF_06/2022 | E57: KG | F57: 325.7 | G57: 8.72 | H57: 10.87 | I57: 3540.35 | J57: 0.006594663
A58: 3.5.2.3 | B58: 92760 | C58: SINAPI | D58: ARMAÇÃO DE PILAR OU VIGA DE ESTRUTURA CONVENCIONAL DE CONCRETO ARMADO UTILIZANDO AÇO CA-50 DE 6,3 MM - MONTAGEM. AF_06/2022 | E58: KG | F58: 74.6 | G58: 13.42 | H58: 16.73 | I58: 1248.05 | J58: 0.0023247615
A59: 3.5.2.4 | B59: 102483 | C59: SINAPI | D59: CONCRETO FCK = 30MPA, TRAÇO 1:1,9:2,3 (EM MASSA SECA DE CIMENTO/ AREIA MÉDIA/ SEIXO ROLADO) - PREPARO MECÂNICO COM BETONEIRA 600 L. AF_05/2021 | E59: m³ | F59: 4.32 | G59: 754.3 | H59: 940.38 | I59: 4062.44 | J59: 0.0075671679
A60: 3.6 | D60: SUPERESTRUTURA | I60: 11285.93 | J60: 0.021022471
A61: 3.6.1 | D61: TRANSVERSINA | I61: 11285.93 | J61: 0.021022471
A62: 3.6.1.1 | B62: 92453 | C62: SINAPI | D62: MONTAGEM E DESMONTAGEM DE FÔRMA DE VIGA, ESCORAMENTO COM GARFO DE MADEIRA, PÉ-DIREITO DUPLO, EM CHAPA DE MADEIRA RESINADA, 4 UTILIZAÇÕES. AF_09/2020 | E62: m² | F62: 16 | G62: 290.01 | H62: 361.55 | I62: 5784.8 | J62: 0.010775434
A63: 3.6.1.2 | B63: 92763 | C63: SINAPI | D63: ARMAÇÃO DE PILAR OU VIGA DE ESTRUTURA CONVENCIONAL DE CONCRETO ARMADO UTILIZANDO AÇO CA-50 DE 12,5 MM - MONTAGEM. AF_06/2022 | E63: KG | F63: 108.24 | G63: 9.08 | H63: 11.32 | I63: 1225.27 | J63: 0.0022823288
A64: 3.6.1.3 | B64: 92762 | C64: SINAPI | D64: ARMAÇÃO DE PILAR OU VIGA DE ESTRUTURA CONVENCIONAL DE CONCRETO ARMADO UTILIZANDO AÇO CA-50 DE 10,0 MM - MONTAGEM. AF_06/2022 | E64: KG | F64: 107.36 | G64: 10.87 | H64: 13.55 | I64: 1454.72 | J64: 0.0027097288
A65: 3.6.1.4 | B65: 102483 | C65: SINAPI | D65: CONCRETO FCK = 30MPA, TRAÇO 1:1,9:2,3 (EM MASSA SECA DE CIMENTO/ AREIA MÉDIA/ SEIXO ROLADO) - PREPARO MECÂNICO COM BETONEIRA 600 L. AF_05/2021 | E65: m³ | F65: 3 | G65: 754.3 | H65: 940.38 | I65: 2821.14 | J65: 0.0052549798
A66: 3.7 | D66: VIGAS PRÉ-MOLDADAS | I66: 107680.11 | J66: 0.20057736
A67: 3.7.1 | B67: 92265 | C67: SINAPI | D67: FABRICAÇÃO DE FÔRMA PARA VIGAS, EM CHAPA DE MADEIRA COMPENSADA RESINADA, E = 17 MM. AF_09/2020 | E67: m² | F67: 153.6 | G67: 141.18 | H67: 176 | I67: 27033.6 | J67: 0.050355892
A68: 3.7.2 | B68: 92765 | C68: SINAPI | D68: ARMAÇÃO DE PILAR OU VIGA DE ESTRUTURA CONVENCIONAL DE CONCRETO ARMADO UTILIZANDO AÇO CA-50 DE 20,0 MM - MONTAGEM. AF_06/2022 | E68: KG | F68: 1065.31 | G68: 9.83 | H68: 12.25 | I68: 13050.04 | J68: 0.024308505
A69: 3.7.3 | B69: 92764 | C69: SINAPI | D69: ARMAÇÃO DE PILAR OU VIGA DE ESTRUTURA CONVENCIONAL DE CONCRETO ARMADO UTILIZANDO AÇO CA-50 DE 16,0 MM - MONTAGEM. AF_06/2022 | E69: KG | F69: 361.05 | G69: 8.72 | H69: 10.87 | I69: 3924.61 | J69: 0.0073104299
A70: 3.7.4 | B70: 92761 | C70: SINAPI | D70: ARMAÇÃO DE PILAR OU VIGA DE ESTRUTURA CONVENCIONAL DE CONCRETO ARMADO UTILIZANDO AÇO CA-50 DE 8,0 MM - MONTAGEM. AF_06/2022 | E70: KG | F70: 439.56 | G70: 12.35 | H70: 15.39 | I70: 6764.82 | J70: 0.012600932
A71: 3.7.5 | B71: 92762 | C71: SINAPI | D71: ARMAÇÃO DE PILAR OU VIGA DE ESTRUTURA CONVENCIONAL DE CONCRETO ARMADO UTILIZANDO AÇO CA-50 DE 10,0 MM - MONTAGEM. AF_06/2022 | E71: KG | F71: 241.37 | G71: 10.87 | H71: 13.55 | I71: 3270.56 | J71: 0.0060921212
A72: 3.7.6 | B72: 102483 | C72: SINAPI | D72: CONCRETO FCK = 30MPA, TRAÇO 1:1,9:2,3 (EM MASSA SECA DE CIMENTO/ AREIA MÉDIA/ SEIXO ROLADO) - PREPARO MECÂNICO COM BETONEIRA 600 L. AF_05/2021 | E72: m³ | F72: 25.6 | G72: 754.3 | H72: 940.38 | I72: 24073.72 | J72: 0.044842479
A73: 3.7.7 | B73: 100950 | C73: SINAPI | D73: TRANSPORTE COM CAMINHÃO CARROCERIA COM GUINDAUTO (MUNCK), MOMENTO MÁXIMO DE CARGA 11,7 TM, EM VIA URBANA EM LEITO NATURAL (UNIDADE: TXKM). AF_02/2026 | E73: TXKM | F73: 1105.92 | G73: 4.95 | H73: 6.17 | I73: 6823.52 | J73: 0.012710273
A74: 3.7.8 | B74: 0307731 | C74: SICRO3 | D74: Aparelho de apoio de neoprene fretado para estruturas moldadas no local - fornecimento e instalação | E74: dm³ | F74: 8 | G74: 155.29 | H74: 193.6 | I74: 1548.8 | J74: 0.002884973
A75: 3.7.9 | B75: 3806420 | C75: SICRO3 | D75: Lançamento de viga pré-moldada de até 500 kN com utilização de guindaste | E75: un | F75: 4 | G75: 4249.31 | H75: 5297.61 | I75: 21190.44 | J75: 0.03947175
A76: 3.8 | D76: PRÉ LAJE | I76: 11921.28 | J76: 0.022205947
A77: 3.8.1 | B77: 0202 | C77: Próprio | D77: FORNECIMENTO E MONTAGEM DE PRÉ-LAJE TRELIÇADA PRÉ-FABRICADAS TR-16, MEDIDAS 0,25x2,30, ESPESSURA 5CM, COM BARRA DE REFORÇO 8mm INCLUSO IÇAMENTO COM GUINDASTE. (REFERENCIA SINAPI 97723) | E77: m³ | F77: 3.84 | G77: 2490.18 | H77: 3104.5 | I77: 11921.28 | J77: 0.022205947
A78: 3.9 | D78: TABULEIRO | I78: 29096.46 | J78: 0.054198412
A79: 3.9.1 | B79: 92268 | C79: SINAPI | D79: FABRICAÇÃO DE FÔRMA PARA LAJES, EM CHAPA DE MADEIRA COMPENSADA PLASTIFICADA, E = 18 MM. AF_09/2020 | E79: m² | F79: 8.32 | G79: 100.34 | H79: 125.09 | I79: 1040.74 | J79: 0.001938602
A80: 3.9.2 | B80: 92771 | C80: SINAPI | D80: ARMAÇÃO DE LAJE DE ESTRUTURA CONVENCIONAL DE CONCRETO ARMADO UTILIZANDO AÇO CA-50 DE 10,0 MM - MONTAGEM. AF_06/2022 | E80: KG | F80: 824.36 | G80: 10.34 | H80: 12.89 | I80: 10626 | J80: 0.01979321
A81: 3.9.3 | B81: 92770 | C81: SINAPI | D81: ARMAÇÃO DE LAJE DE ESTRUTURA CONVENCIONAL DE CONCRETO ARMADO UTILIZANDO AÇO CA-50 DE 8,0 MM - MONTAGEM. AF_06/2022 | E81: KG | F81: 203.51 | G81: 11.77 | H81: 14.67 | I81: 2985.49 | J81: 0.005561117
A82: 3.9.4 | B82: 102483 | C82: SINAPI | D82: CONCRETO FCK = 30MPA, TRAÇO 1:1,9:2,3 (EM MASSA SECA DE CIMENTO/ AREIA MÉDIA/ SEIXO ROLADO) - PREPARO MECÂNICO COM BETONEIRA 600 L. AF_05/2021 | E82: m³ | F82: 15.36 | G82: 754.3 | H82: 940.38 | I82: 14444.23 | J82: 0.026905484
A83: 3.10 | D83: LAJE DE TRANSIÇÃO | I83: 8820.93 | J83: 0.016430879
A84: 3.10.1 | B84: 96622 | C84: SINAPI | D84: LASTRO COM MATERIAL GRANULAR, APLICADO EM PISOS OU LAJES SOBRE SOLO, ESPESSURA DE *5 CM*. AF_01/2024 | E84: m³ | F84: 1.12 | G84: 434.33 | H84: 541.47 | I84: 606.44 | J84: 0.0011296249
A85: 3.10.2 | B85: 92268 | C85: SINAPI | D85: FABRICAÇÃO DE FÔRMA PARA LAJES, EM CHAPA DE MADEIRA COMPENSADA PLASTIFICADA, E = 18 MM. AF_09/2020 | E85: m² | F85: 5.7 | G85: 100.34 | H85: 125.09 | I85: 713.01 | J85: 0.0013281344
A86: 3.10.3 | B86: 92769 | C86: SINAPI | D86: ARMAÇÃO DE LAJE DE ESTRUTURA CONVENCIONAL DE CONCRETO ARMADO UTILIZANDO AÇO CA-50 DE 6,3 MM - MONTAGEM. AF_06/2022 | E86: KG | F86: 96.11 | G86: 12.78 | H86: 15.93 | I86: 1531.03 | J86: 0.0028518725
A87: 3.10.4 | B87: 92770 | C87: SINAPI | D87: ARMAÇÃO DE LAJE DE ESTRUTURA CONVENCIONAL DE CONCRETO ARMADO UTILIZANDO AÇO CA-50 DE 8,0 MM - MONTAGEM. AF_06/2022 | E87: KG | F87: 58.29 | G87: 11.77 | H87: 14.67 | I87: 855.11 | J87: 0.0015928262
A88: 3.10.5 | B88: 92771 | C88: SINAPI | D88: ARMAÇÃO DE LAJE DE ESTRUTURA CONVENCIONAL DE CONCRETO ARMADO UTILIZANDO AÇO CA-50 DE 10,0 MM - MONTAGEM. AF_06/2022 | E88: KG | F88: 150.99 | G88: 10.34 | H88: 12.89 | I88: 1946.26 | J88: 0.0036253277
A89: 3.10.6 | B89: 102483 | C89: SINAPI | D89: CONCRETO FCK = 30MPA, TRAÇO 1:1,9:2,3 (EM MASSA SECA DE CIMENTO/ AREIA MÉDIA/ SEIXO ROLADO) - PREPARO MECÂNICO COM BETONEIRA 600 L. AF_05/2021 | E89: m³ | F89: 3.37 | G89: 754.3 | H89: 940.38 | I89: 3169.08 | J89: 0.0059030928
A90: 3.11 | D90: GUARDA RODA E ACABAMENTOS | I90: 42270.05 | J90: 0.078737056
A91: 3.11.1 | B91: 92264 | C91: SINAPI | D91: FABRICAÇÃO DE FÔRMA PARA PILARES E ESTRUTURAS SIMILARES, EM CHAPA DE MADEIRA COMPENSADA PLASTIFICADA, E = 18 MM. AF_09/2020 | E91: m² | F91: 46.85 | G91: 249.1 | H91: 310.55 | I91: 14549.26 | J91: 0.027101125
A92: 3.11.2 | B92: 92762 | C92: SINAPI | D92: ARMAÇÃO DE PILAR OU VIGA DE ESTRUTURA CONVENCIONAL DE CONCRETO ARMADO UTILIZANDO AÇO CA-50 DE 10,0 MM - MONTAGEM. AF_06/2022 | E92: KG | F92: 197.44 | G92: 10.87 | H92: 13.55 | I92: 2675.31 | J92: 0.0049833401
A93: 3.11.3 | B93: 92761 | C93: SINAPI | D93: ARMAÇÃO DE PILAR OU VIGA DE ESTRUTURA CONVENCIONAL DE CONCRETO ARMADO UTILIZANDO AÇO CA-50 DE 8,0 MM - MONTAGEM. AF_06/2022 | E93: KG | F93: 139.04 | G93: 12.35 | H93: 15.39 | I93: 2139.82 | J93: 0.0039858748
A94: 3.11.4 | B94: 102483 | C94: SINAPI | D94: CONCRETO FCK = 30MPA, TRAÇO 1:1,9:2,3 (EM MASSA SECA DE CIMENTO/ AREIA MÉDIA/ SEIXO ROLADO) - PREPARO MECÂNICO COM BETONEIRA 600 L. AF_05/2021 | E94: m³ | F94: 4.72 | G94: 754.3 | H94: 940.38 | I94: 4438.59 | J94: 0.0082678282
A95: 3.11.5 | B95: 5214003 | C95: SICRO3 | D95: Pintura de setas e zebrados com termoplástico por aspersão - espessura de 1,5 mm | E95: m² | F95: 50.85 | G95: 63.08 | H95: 78.64 | I95: 3998.84 | J95: 0.0074486992
A96: 3.11.6 | B96: 5915407 | C96: SICRO3 | D96: Carga, manobra e descarga de agregados ou solos em caminhão basculante de 10 m³ - carga com carregadeira de 3,40 m³ e descarga livre | E96: t | F96: 659.92 | G96: 3.1 | H96: 3.86 | I96: 2547.29 | J96: 0.0047448753
A97: 3.11.7 | B97: 4815671 | C97: SICRO3 | D97: Reaterro e compactação com soquete vibratório | E97: m³ | F97: 471.37 | G97: 20.29 | H97: 25.29 | I97: 11920.94 | J97: 0.022205314
F99: Total sem BDI | H99: 430649.83
F100: Total do BDI | H100: 106200.95
F101: Total Geral | H101: 536850.78

Sheet CPU
A1: =[77]RESUMO!A1 -> ESTADO DO PARÁ
A2: =[77]RESUMO!A2 -> PREFEITURA MUNICIPAL DE XINGUARA-PA
A3: =[77]RESUMO!A3 -> CNPJ 04.144.150/0001-20
A4: =[77]RESUMO!A4 -> ADM. 2025/2028
A6: =('[78]Memória de Cálculo'!A6) -> Cliente: | B6: =RESUMO!B6 -> PREFEITURA MUNICIPAL DE XINGUARA
A7: =('[78]Memória de Cálculo'!A7) -> Adm: | B7: =RESUMO!B7 -> OSVALDO DE OLIVEIRA ASSUNÇÃO JUNIOR
A8: =('[78]Memória de Cálculo'!A8) -> Objeto: | B8: =RESUMO!B8 -> CONSTRUÇÃO DE UMA PONTE DE CONCRETO NA VICINAL BARREIRO PRETO
A9: =('[78]Memória de Cálculo'!A9) -> Endereço: | B9: =RESUMO!B9 -> MUNICIPIO DE XINGUARA-PA, ZONA RURAL
A10: Data: | B10: =RESUMO!B10 -> 46106
E11: Bancos | G11: B.D.I. | I11: Encargos Sociais
E12: =RESUMO!D12 -> SINAPI - 04/2026 - Pará SICRO3 - 01/2026 - Pará | G12: =RESUMO!F12 -> 0.2467 | I12: =RESUMO!G12 -> Não Desonerado: embutido nos preços unitário dos insumos de mão de obra, de acordo com as bases.
A13: Composições Principais
A14: 1.1 | B14: Código | C14: Banco | D14: Descrição | E14: Tipo | G14: Und | H14: Quant. | I14: Valor Unit | J14: Total
A15: Composição | B15: 0204 | C15: Próprio | D15: ADMINISTRAÇÃO LOCAL DA OBRA | E15: SERT - SERVIÇOS TÉCNICOS | G15: mês | H15: 1 | I15: 5697.8 | J15: 5697.8
A16: Composição Auxiliar | B16: 90777 | C16: SINAPI | D16: ENGENHEIRO CIVIL DE OBRA JUNIOR COM ENCARGOS COMPLEMENTARES | E16: Livro SINAPI: Cálculos e Parâmetros | G16: H | H16: 20 | I16: 147.33 | J16: 2946.6
A17: Composição Auxiliar | B17: 90776 | C17: SINAPI | D17: ENCARREGADO GERAL COM ENCARGOS COMPLEMENTARES | E17: Livro SINAPI: Cálculos e Parâmetros | G17: H | H17: 80 | I17: 34.39 | J17: 2751.2
E18: MO sem LS => | F18: 4772 | G18: LS => | H18: 0 | I18: MO com LS => | J18: 4772
E19: Valor do BDI => | F19: 1405.64 | H19: Valor com BDI => | J19: 7103.44
A21: 2.1 | B21: Código | C21: Banco | D21: Descrição | E21: Tipo | G21: Und | H21: Quant. | I21: Valor Unit | J21: Total
A22: Composição | B22: 0208 | C22: Próprio | D22: MOBILIZAÇÃO E DESMOBILIZAÇÃO PONTES | E22: SEDI - SERVIÇOS DIVERSOS | G22: UND | H22: 1 | I22: 7842.56 | J22: 7842.56
A23: Composição Auxiliar | B23: 0206 | C23: Próprio | D23: MOBILIZAÇÃO PONTES | E23: SEDI - SERVIÇOS DIVERSOS | G23: UND | H23: 1 | I23: 3921.28 | J23: 3921.28
A24: Composição Auxiliar | B24: 0207 | C24: Próprio | D24: DESMOBILIZAÇÃO PONTES | E24: SEDI - SERVIÇOS DIVERSOS | G24: UND | H24: 1 | I24: 3921.28 | J24: 3921.28
E25: MO sem LS => | F25: 1462.24 | G25: LS => | H25: 0 | I25: MO com LS => | J25: 1462.24
E26: Valor do BDI => | F26: 1934.75 | H26: Valor com BDI => | J26: 9777.31
A28: 3.1.3 | B28: Código | C28: Banco | D28: Descrição | E28: Tipo | G28: Und | H28: Quant. | I28: Valor Unit | J28: Total
A29: Composição | B29: CPU124 | C29: Próprio | D29: Locação da obra a aparelho | E29: SEDOP | G29: m² | H29: 1 | I29: 11.45 | J29: 11.45
A30: Composição Auxiliar | B30: 88262 | C30: SINAPI | D30: CARPINTEIRO DE FORMAS COM ENCARGOS COMPLEMENTARES | E30: Livro SINAPI: Cálculos e Parâmetros | G30: H | H30: 0.05 | I30: 32.14 | J30: 1.6
A31: Composição Auxiliar | B31: 88316 | C31: SINAPI | D31: SERVENTE COM ENCARGOS COMPLEMENTARES | E31: Livro SINAPI: Cálculos e Parâmetros | G31: H | H31: 0.18 | I31: 26.88 | J31: 4.83
A32: Composição Auxiliar | B32: 90781 | C32: SINAPI | D32: TOPOGRAFO COM ENCARGOS COMPLEMENTARES | E32: Livro SINAPI: Cálculos e Parâmetros | G32: H | H32: 0.07 | I32: 33.6 | J32: 2.35
A33: Insumo | B33: 00043132 | C33: SINAPI | D33: ARAME RECOZIDO 16 BWG, D = 1,65 MM (0,016 KG/M) OU 18 BWG, D = 1,25 MM (0,01 KG/M) | E33: Material | G33: KG | H33: 0.002 | I33: 24.08 | J33: 0.04
A34: Insumo | B34: 00004006 | C34: SINAPI | D34: MADEIRA SERRADA EM PINUS, MISTA OU EQUIVALENTE DA REGIAO - BRUTA | E34: Material | G34: m³ | H34: 0.001 | I34: 2584.52 | J34: 2.58
A35: Insumo | B35: 00005078 | C35: SINAPI | D35: PREGO DE ACO POLIDO COM CABECA 16 X 27 (2 1/2 X 12) | E35: Material | G35: KG | H35: 0.003 | I35: 18.7 | J35: 0.05
E36: MO sem LS => | F36: 5.79 | G36: LS => | H36: 0 | I36: MO com LS => | J36: 5.79
E37: Valor do BDI => | F37: 2.82 | H37: Valor com BDI => | J37: 14.27
A39: 3.2.2 | B39: Código | C39: Banco | D39: Descrição | E39: Tipo | G39: Und | H39: Quant. | I39: Valor Unit | J39: Total
A40: Composição | B40: CPU125 | C40: Próprio | D40: EXECUÇÃO DE ALMOXARIFADO EM CANTEIRO DE OBRA EM CHAPA DE MADEIRA COMPENSADA, INCLUSO PRATELEIRAS. AF_02/2016 | E40: CANT - CANTEIRO DE OBRAS | G40: m² | H40: 1 | I40: 975.97 | J40: 975.97
A41: Composição Auxiliar | B41: 88262 | C41: SINAPI | D41: CARPINTEIRO DE FORMAS COM ENCARGOS COMPLEMENTARES | E41: Livro SINAPI: Cálculos e Parâmetros | G41: H | H41: 0.9794 | I41: 32.14 | J41: 31.47
A42: Composição Auxiliar | B42: 88489 | C42: SINAPI | D42: PINTURA LÁTEX ACRÍLICA PREMIUM, APLICAÇÃO MANUAL EM PAREDES, DUAS DEMÃOS. AF_04/2023 | E42: Pintura Interna | G42: m² | H42: 3.7457 | I42: 15.32 | J42: 57.38
A43: Composição Auxiliar | B43: 91170 | C43: SINAPI | D43: FIXAÇÃO DE TUBOS HORIZONTAIS DE PVC ÁGUA, PVC ESGOTO, PVC ÁGUA PLUVIAL, CPVC, PPR, COBRE OU AÇO, DIÂMETROS MENORES OU IGUAIS A 40 MM, COM ABRAÇADEIRA METÁLICA RÍGIDA TIPO U PERFIL 1 1/4", FIXADA EM PERFILADO EM LAJE. AF_09/2023_PS | E43: Rasgos e Fixações | G43: M | H43: 0.2518 | I43: 10.48 | J43: 2.63
A44: Composição Auxiliar | B44: 91173 | C44: SINAPI | D44: FIXAÇÃO DE TUBOS VERTICAIS DE PVC ÁGUA, PVC ESGOTO, PVC ÁGUA PLUVIAL, CPVC, PPR, COBRE OU AÇO, DIÂMETROS MENORES OU IGUAIS A 40 MM, COM ABRAÇADEIRA METÁLICA RÍGIDA TIPO U PERFIL 1 1/4", FIXADA EM PERFILADO EM PAREDE. AF_09/2023_PS | E44: Rasgos e Fixações | G44: M | H44: 0.2266 | I44: 3.9 | J44: 0.88
A45: Composição Auxiliar | B45: 91341 | C45: SINAPI | D45: PORTA EM ALUMÍNIO DE ABRIR TIPO VENEZIANA COM GUARNIÇÃO, FIXAÇÃO COM PARAFUSOS - FORNECIMENTO E INSTALAÇÃO. AF_10/2025 | E45: Esquadrias - Portas | G45: m² | H45: 0.0634 | I45: 590.94 | J45: 37.46
A46: Composição Auxiliar | B46: 91862 | C46: SINAPI | D46: ELETRODUTO RÍGIDO ROSCÁVEL, PVC, DN 20 MM (1/2"), PARA CIRCUITOS TERMINAIS, INSTALADO EM FORRO - FORNECIMENTO E INSTALAÇÃO. AF_03/2023 | E46: Instalações Elétricas - Eletrodutos Embutidos, Cabos, Caixas, Tomadas e Interruptores | G46: M | H46: 0.2518 | I46: 11.49 | J46: 2.89
A47: Composição Auxiliar | B47: 91870 | C47: SINAPI | D47: ELETRODUTO RÍGIDO ROSCÁVEL, PVC, DN 20 MM (1/2"), PARA CIRCUITOS TERMINAIS, INSTALADO EM PAREDE - FORNECIMENTO E INSTALAÇÃO. AF_03/2023 | E47: Instalações Elétricas - Eletrodutos Embutidos, Cabos, Caixas, Tomadas e Interruptores | G47: M | H47: 0.2266 | I47: 15.03 | J47: 3.4
A48: Composição Auxiliar | B48: 91911 | C48: SINAPI | D48: CURVA 90 GRAUS PARA ELETRODUTO, PVC, ROSCÁVEL, DN 20 MM (1/2"), PARA CIRCUITOS TERMINAIS, INSTALADA EM PAREDE - FORNECIMENTO E INSTALAÇÃO. AF_03/2023 | E48: Instalações Elétricas - Eletrodutos Embutidos, Cabos, Caixas, Tomadas e Interruptores | G48: UN | H48: 0.0755 | I48: 19.65 | J48: 1.48
A49: Composição Auxiliar | B49: 91924 | C49: SINAPI | D49: CABO DE COBRE FLEXÍVEL ISOLADO, 1,5 MM², ANTI-CHAMA 450/750 V, PARA CIRCUITOS TERMINAIS - FORNECIMENTO E INSTALAÇÃO. AF_03/2023 | E49: Instalações Elétricas - Eletrodutos Embutidos, Cabos, Caixas, Tomadas e Interruptores | G49: M | H49: 0.6219 | I49: 3.92 | J49: 2.43
A50: Composição Auxiliar | B50: 91926 | C50: SINAPI | D50: CABO DE COBRE FLEXÍVEL ISOLADO, 2,5 MM², ANTI-CHAMA 450/750 V, PARA CIRCUITOS TERMINAIS - FORNECIMENTO E INSTALAÇÃO. AF_03/2023 | E50: Instalações Elétricas - Eletrodutos Embutidos, Cabos, Caixas, Tomadas e Interruptores | G50: M | H50: 0.6798 | I50: 5.72 | J50: 3.88
A51: Composição Auxiliar | B51: 91937 | C51: SINAPI | D51: CAIXA OCTOGONAL 3" X 3", PVC, INSTALADA EM LAJE - FORNECIMENTO E INSTALAÇÃO. AF_03/2023 | E51: Instalações Elétricas - Eletrodutos Embutidos, Cabos, Caixas, Tomadas e Interruptores | G51: UN | H51: 0.1259 | I51: 18.32 | J51: 2.3
... A82: Insumo | B82: 00011587 | C82: SINAPI | D82: FORRO DE PVC LISO, BRANCO, REGUA DE 10 CM, ESPESSURA APROXIMADA DE 8 MM (COM COLOCACAO / SEM ESTRUTURA METALICA) | E82: Material | G82: m² | H82: 1 | I82: 100.12 | J82: 100.12
E83: MO sem LS => | F83: 176.64 | G83: LS => | H83: 0 | I83: MO com LS => | J83: 176.64
E84: Valor do BDI => | F84: 240.77 | H84: Valor com BDI => | J84: 1216.74
A86: 3.8.1 | B86: Código | C86: Banco | D86: Descrição | E86: Tipo | G86: Und | H86: Quant. | I86: Valor Unit | J86: Total
A87: Composição | B87: 0202 | C87: Próprio | D87: FORNECIMENTO E MONTAGEM DE PRÉ-LAJE TRELIÇADA PRÉ-FABRICADAS TR-16, MEDIDAS 0,25x2,30, ESPESSURA 5CM, COM BARRA DE REFORÇO 8mm INCLUSO IÇAMENTO COM GUINDASTE. (REFERENCIA SINAPI 97723) | E87: Estruturas Pré-Fabricadas e Pré-Moldadas | G87: m³ | H87: 1 | I87: 2490.18 | J87: 2490.18
A88: Composição Auxiliar | B88: 89273 | C88: SINAPI | D88: GUINDASTE HIDRÁULICO AUTOPROPELIDO, COM LANÇA TELESCÓPICA 28,80 M, CAPACIDADE MÁXIMA 30 T, POTÊNCIA 97 KW, TRAÇÃO 4 X 4 - CHI DIURNO. AF_11/2014 | E88: Custos Horários Produtivo e Improdutivo dos Equipamentos | G88: CHI | H88: 0.3124 | I88: 113.63 | J88: 35.49
A89: Composição Auxiliar | B89: 89272 | C89: SINAPI | D89: GUINDASTE HIDRÁULICO AUTOPROPELIDO, COM LANÇA TELESCÓPICA 28,80 M, CAPACIDADE MÁXIMA 30 T, POTÊNCIA 97 KW, TRAÇÃO 4 X 4 - CHP DIURNO. AF_11/2014 | E89: Custos Horários Produtivo e Improdutivo dos Equipamentos | G89: CHP | H89: 0.8235 | I89: 233.24 | J89: 192.07
A90: Composição Auxiliar | B90: 88316 | C90: SINAPI | D90: SERVENTE COM ENCARGOS COMPLEMENTARES | E90: Livro SINAPI: Cálculos e Parâmetros | G90: H | H90: 2.2718 | I90: 26.88 | J90: 61.06
A91: Composição Auxiliar | B91: 88309 | C91: SINAPI | D91: PEDREIRO COM ENCARGOS COMPLEMENTARES | E91: Livro SINAPI: Cálculos e Parâmetros | G91: H | H91: 1.7039 | I91: 32.75 | J91: 55.8
A92: Insumo | B92: 00000033 | C92: SINAPI | D92: ACO CA-50, 8,0 MM, VERGALHAO | E92: Material | G92: KG | H92: 40.12 | I92: 8.05 | J92: 322.96
A93: Insumo | B93: 00045311 | C93: SINAPI | D93: LAJE EM PAINEL TRELICADO MACICO L=25 CM, PTM-16, COM TRELICA DE 12 CM, PARA PISO, UNIDIRECIONAL, SOBRECARGA DE 350 KGF/M2, VAO ATE 6,0 M, EXCLUSO CONCRETO (SEM COLOCACAO) | E93: Material | G93: m² | H93: 20 | I93: 91.14 | J93: 1822.8
E94: MO sem LS => | F94: 106.38 | G94: LS => | H94: 0 | I94: MO com LS => | J94: 106.38
E95: Valor do BDI => | F95: 614.32 | H95: Valor com BDI => | J95: 3104.5
A97: Composições Auxiliares
B98: Código | C98: Banco | D98: Descrição | E98: Tipo | G98: Und | H98: Quant. | I98: Valor Unit | J98: Total
A99: Composição | B99: 0207 | C99: Próprio | D99: DESMOBILIZAÇÃO PONTES | E99: SEDI - SERVIÇOS DIVERSOS | G99: UND | H99: 1 | I99: 3921.28 | J99: 3921.28
A100: Composição Auxiliar | B100: 89876 | C100: SINAPI | D100: CAMINHÃO BASCULANTE 14 M3, COM CAVALO MECÂNICO DE CAPACIDADE MÁXIMA DE TRAÇÃO COMBINADO DE 36000 KG, POTÊNCIA 286 CV, INCLUSIVE SEMIREBOQUE COM CAÇAMBA METÁLICA - CHP DIURNO. AF_12/2014 | E100: Custos Horários Produtivo e Improdutivo dos Equipamentos | G100: CHP | H100: 8 | I100: 382.64 | J100: 3061.12
A101: Composição Auxiliar | B101: 88316 | C101: SINAPI | D101: SERVENTE COM ENCARGOS COMPLEMENTARES | E101: Livro SINAPI: Cálculos e Parâmetros | G101: H | H101: 32 | I101: 26.88 | J101: 860.16
E102: MO sem LS => | F102: 731.12 | G102: LS => | H102: 0 | I102: MO com LS => | J102: 731.12
E103: Valor do BDI => | F103: 967.37 | H103: Valor com BDI => | J103: 4888.65
B105: Código | C105: Banco | D105: Descrição | E105: Tipo | G105: Und | H105: Quant. | I105: Valor Unit | J105: Total
A106: Composição | B106: 0206 | C106: Próprio | D106: MOBILIZAÇÃO PONTES | E106: SEDI - SERVIÇOS DIVERSOS | G106: UND | H106: 1 | I106: 3921.28 | J106: 3921.28
A107: Composição Auxiliar | B107: 89876 | C107: SINAPI | D107: CAMINHÃO BASCULANTE 14 M3, COM CAVALO MECÂNICO DE CAPACIDADE MÁXIMA DE TRAÇÃO COMBINADO DE 36000 KG, POTÊNCIA 286 CV, INCLUSIVE SEMIREBOQUE COM CAÇAMBA METÁLICA - CHP DIURNO. AF_12/2014 | E107: Custos Horários Produtivo e Improdutivo dos Equipamentos | G107: CHP | H107: 8 | I107: 382.64 | J107: 3061.12
A108: Composição Auxiliar | B108: 88316 | C108: SINAPI | D108: SERVENTE COM ENCARGOS COMPLEMENTARES | E108: Livro SINAPI: Cálculos e Parâmetros | G108: H | H108: 32 | I108: 26.88 | J108: 860.16
E109: MO sem LS => | F109: 731.12 | G109: LS => | H109: 0 | I109: MO com LS => | J109: 731.12
E110: Valor do BDI => | F110: 967.37 | H110: Valor com BDI => | J110: 4888.65
F113: Total sem BDI | H113: 430649.83
F114: Total do BDI | H114: 106200.95
F115: Total Geral | H115: 536850.78

Sheet MEMORIA DE CALCULO
A1: ESTADO DO PARÁ
A2: PREFEITURA MUNICIPAL DE XINGUARA
A3: CNPJ 04.144.150/0001-20
A4: ADM. 2025/2028
A6: Cliente: | B6: =RESUMO!$B$6 -> PREFEITURA MUNICIPAL DE XINGUARA
A7: Adm: | B7: =RESUMO!$B$7 -> OSVALDO DE OLIVEIRA ASSUNÇÃO JUNIOR
A8: Objeto: | B8: =RESUMO!$B$8 -> CONSTRUÇÃO DE UMA PONTE DE CONCRETO NA VICINAL BARREIRO PRETO
A9: Endereço: | B9: =RESUMO!$B$9 -> MUNICIPIO DE XINGUARA-PA, ZONA RURAL
A10: Data: | B10: =RESUMO!$B$10 -> 46106
A12: Memória de Cálculo
A13: Item | B13: Descrição | C13: Und | D13: Quant. | E13: Memória de Cálculo
A14: 1 | B14: ADMINISTRAÇÃO LOCAL DA OBRA
A15: 1.1 | B15: ADMINISTRAÇÃO LOCAL DA OBRA | C15: mês | D15: 4 | E15: = Conforme cronograma da obra
A16: 2 | B16: MOBILIZAÇÃO E DESMOBILIZAÇÃO
A17: 2.1 | B17: MOBILIZAÇÃO E DESMOBILIZAÇÃO PONTES | C17: UND | D17: 1,0 | E17: = 01 unidade para mobilizar e desmobilizar
A18: 3 | B18: PONTE BARREIRO PRETO (16,00 x 4,80 x 5,00)
A19: 3.1 | B19: SERVIÇOS PRELIMINARES
A20: 3.1.1 | B20: FORNECIMENTO E INSTALAÇÃO DE PLACA DE OBRA COM CHAPA GALVANIZADA E ESTRUTURA DE MADEIRA. AF_03/2022_PS | C20: m² | D20: 6,48 | E20: = 3,60 m de comprimento x 1,80 m de altura
A21: 3.1.2 | B21: Placa de advertência em aço, lado de 0,80 m - película retrorrefletiva tipo I + SI - fornecimento e implantação | C21: un | D21: 6,0 | E21: = 3 unidades de placa para sinalização para cada lado da via
A22: 3.1.3 | B22: Locação da obra a aparelho | C22: m² | D22: 76,8 | E22: = Conforme extensão da ponte de 16m comprimento x 4,8m de largura
A23: 3.2 | B23: CANTEIRO DE OBRAS
A24: 3.2.1 | B24: ENTRADA DE ENERGIA ELÉTRICA, AÉREA, BIFÁSICA, COM CAIXA DE SOBREPOR, CABO DE 16 MM2 E DISJUNTOR DIN 50A (NÃO INCLUSO O POSTE DE CONCRETO). AF_12/2025 | C24: UN | D24: 1,0 | E24: = 01 unidade para o almoxarifado
A25: 3.2.2 | B25: EXECUÇÃO DE ALMOXARIFADO EM CANTEIRO DE OBRA EM CHAPA DE MADEIRA COMPENSADA, INCLUSO PRATELEIRAS. AF_02/2016 | C25: m² | D25: 9,0 | E25: = Almoxarifado de 3m de comprimento x 3m de largura
A26: 3.3 | B26: MOVIMENTAÇÃO DE TERRA
A27: 3.3.1 | B27: LIMPEZA MECANIZADA DE CAMADA VEGETAL, VEGETAÇÃO E PEQUENAS ÁRVORES (DIÂMETRO DE TRONCO MENOR QUE 0,20 M), COM TRATOR DE ESTEIRAS. AF_03/2024 | C27: m² | D27: 400,0 | E27: = Limpeza do canteiro = 20m x 20m = 400 m²
A28: 3.3.2 | B28: CARGA, MANOBRA E DESCARGA DE ENTULHO EM CAMINHÃO BASCULANTE 14 M³ - CARGA COM ESCAVADEIRA HIDRÁULICA (CAÇAMBA DE 0,80 M³ / 111 HP) E DESCARGA LIVRE (UNIDADE: M3). AF_02/2026 | C28: m³ | D28: 80,0 | E28: = Limpeza do canteiro = 20m x 20m = 400 m² x 20cm de espessura
A29: 3.3.3 | B29: TRANSPORTE COM CAMINHÃO BASCULANTE DE 14 M³, EM VIA URBANA EM REVESTIMENTO PRIMÁRIO (UNIDADE: M3XKM). AF_02/2026 | C29: M3XKM | D29: 400,0 | E29: = Limpeza do canteiro = 20m x 20m = 400 m² x 20cm de espessura = 80 x 5km distancia
A30: 3.3.4 | B30: Escavação mecânica de vala em material de 1ª categoria | C30: m³ | D30: 377,1 | E30: = CABECEIRA = 37,23 (afastamento de 2 metros onde será implantado a cabeceira x 5m de altura x 2 lados = 372,3 m³ Blocos = 5m de comprimento x 0,60m de largura x 0,80 altura = 2,4 m³ x 2 blocos = 4,8 m³ Total escavação = 377,1 m³
A31: 3.3.5 | B31: Carga, manobra e descarga de agregados ou solos em caminhão basculante de 10 m³ - carga com carregadeira de 3,40 m³ e descarga livre | C31: t | D31: 651,52 | E31: = Total escavação = 372,3 m³ x peso especifico 1,4 + 25% empolamento = 651,52 toneladas
A32: 3.4 | B32: ALAS - CABECEIRAS DE CONCRETO
A33: 3.4.1 | B33: Estaca trilho TR 68 - fornecimento e cravação | C33: m | D33: 168,0 | E33: = 14 estacas x 6 metros de profundidade x 2 cabeceiras = 168 metros de estaca
A34: 3.4.2 | B34: ARMAÇÃO DE CORTINA DE CONTENÇÃO EM CONCRETO ARMADO, COM AÇO CA-50 DE 8 MM - MONTAGEM. AF_11/2024 | C34: KG | D34: 1.104,94 | E34: = Conforme lista de material do projeto (identificação ARMAÇÃO ALA + ARMAÇÃO CORTINA de 8 mm)
A35: 3.4.3 | B35: ARMAÇÃO DE CORTINA DE CONTENÇÃO EM CONCRETO ARMADO, COM AÇO CA-50 DE 16 MM - MONTAGEM. AF_11/2024 | C35: KG | D35: 74,73 | E35: = Conforme lista de material do projeto (identificação ARMAÇÃO ALA + ARMAÇÃO CORTINA de 16 mm)
A36: 3.4.4 | B36: ARMAÇÃO DE CORTINA DE CONTENÇÃO EM CONCRETO ARMADO, COM AÇO CA-50 DE 10 MM - MONTAGEM. AF_11/2024 | C36: KG | D36: 408,31 | E36: = Conforme lista de material do projeto (identificação ARMAÇÃO ALA + ARMAÇÃO CORTINA de 10 mm)
A37: 3.4.5 | B37: FABRICAÇÃO, MONTAGEM E DESMONTAGEM DE FÔRMA PARA CORTINA DE CONTENÇÃO, EM CHAPA DE MADEIRA COMPENSADA PLASTIFICADA, E = 18 MM, 10 UTILIZAÇÕES. AF_11/2024 | C37: m² | D37: 289,08 | E37: = Lateral ala 22,26 m² x 2 faces x 4 alas = 178,08 m² + Face frontal 5 m x 0,25 x 4 alas = 5 m² + Cortina 5m altura x 5,30 largura x 2 faces x 2 cortinas = 106 m² Total = 178,08 + 5 + 106 = 289,08 m²
A38: 3.4.6 | B38: CONCRETO FCK = 30MPA, TRAÇO 1:1,9:2,3 (EM MASSA SECA DE CIMENTO/ AREIA MÉDIA/ SEIXO ROLADO) - PREPARO MECÂNICO COM BETONEIRA 600 L. AF_05/2021 | C38: m³ | D38: 42,61 | E38: = Ala 22,26 m² x 0,30m de espessura x 4 alas = 26,71 m³ Cortina 5m altura x 5,30m largura x 0,30 espessura x 2 cortinas = 15,9 m³ Total = 26,71 m³ + 15,9 m³ = 42,61 m³
A39: 3.4.7 | B39: ARRASAMENTO MECÂNICO DE ESTACA METÁLICA, PERFIL LAMINADO TIPO H - FAMÍLIA 310. AF_05/2021 | C39: UN | D39: 28,0 | E39: = 14 estacas para cada cabeceira = 14 x 2 = 28
A40: 3.4.8 | B40: GRUPO GERADOR REBOCÁVEL, POTÊNCIA 66 KVA, MOTOR A DIESEL - CHP DIURNO. AF_03/2016 | C40: CHP | D40: 176,0 | E40: = 8 horas por dia x 5,5 dias na semana x 4 semanas no mês x 1 mes
A41: 3.5 | B41: MESOESTRUTURA
A42: 3.5.1 | B42: BLOCOS DOS PILARES
A43: 3.5.1.1 | B43: Estaca trilho TR 68 - fornecimento e cravação | C43: m | D43: 48,0 | E43: = 8 trilhos x 6 m de profundidade = 48 metros
A44: 3.5.1.2 | B44: LASTRO DE CONCRETO MAGRO, APLICADO EM BLOCOS DE COROAMENTO OU SAPATAS, ESPESSURA DE 5 CM. AF_01/2024 | C44: m² | D44: 6,0 | E44: = 5 m comprimento x 0,60 m de largura x 2 blocos = 6 m²
A45: 3.5.1.3 | B45: FABRICAÇÃO, MONTAGEM E DESMONTAGEM DE FÔRMA PARA BLOCO DE COROAMENTO, EM CHAPA DE MADEIRA COMPENSADA RESINADA, E=17 MM, 4 UTILIZAÇÕES. AF_01/2024 | C45: m² | D45: 17,92 | E45: = Perimetro lados blocos 5 m + 0,60 m + 5 m + 0,60 m = 11,2 metros x 80cm de altura = 8,96 m² x 2 blocos = 17,92 m²
A46: 3.5.1.4 | B46: ARMAÇÃO DE BLOCO, SAPATA ISOLADA, VIGA BALDRAME E SAPATA CORRIDA UTILIZANDO AÇO CA-50 DE 12,5 MM - MONTAGEM. AF_01/2024 | C46: KG | D46: 170,57 | E46: = Conforme lista de material do projeto (identificação BLOCOS armação de 12,5 mm)
A47: 3.5.1.5 | B47: ARMAÇÃO DE BLOCO UTILIZANDO AÇO CA-50 DE 8 MM - MONTAGEM. AF_01/2024 | C47: KG | D47: 31,09 | E47: = Conforme lista de material do projeto (identificação BLOCOS armação de 8 mm)
A48: 3.5.1.6 | B48: ARMAÇÃO DE BLOCO UTILIZANDO AÇO CA-50 DE 10 MM - MONTAGEM. AF_01/2024 | C48: KG | D48: 238,31 | E48: = Conforme lista de material do projeto (identificação BLOCOS armação de 10 mm)
A49: 3.5.1.7 | B49: CONCRETO FCK = 30MPA, TRAÇO 1:1,9:2,3 (EM MASSA SECA DE CIMENTO/ AREIA MÉDIA/ SEIXO ROLADO) - PREPARO MECÂNICO COM BETONEIRA 600 L. AF_05/2021 | C49: m³ | D49: 4,8 | E49: = 5m comprimento x 0,6m largura x 0,8m altura x 2 blocos = 7,2 m³
A50: 3.5.1.8 | B50: ARRASAMENTO MECÂNICO DE ESTACA METÁLICA, PERFIL LAMINADO TIPO H - FAMÍLIA 310. AF_05/2021 | C50: UN | D50: 8,0 | E50: = Conforme quantidade de trilhos = 8
A51: 3.5.2 | B51: PILARES LATERAIS
A52: 3.5.2.1 | B52: FABRICAÇÃO DE FÔRMA PARA PILARES E ESTRUTURAS SIMILARES, EM CHAPA DE MADEIRA COMPENSADA RESINADA, E = 17 MM. AF_09/2020 | C52: m² | D52: 34,62 | E52: = PERIMETRO PILAR = 0,5 + 0,5 + 0,5 + 0,5 = 2m x altura 2,885 m = 5,77 m² x 6 pilares = 34,62 m²
A53: 3.5.2.2 | B53: ARMAÇÃO DE PILAR OU VIGA DE ESTRUTURA CONVENCIONAL DE CONCRETO ARMADO UTILIZANDO AÇO CA-50 DE 16,0 MM - MONTAGEM. AF_06/2022 | C53: KG | D53: 325,7 | E53: = Conforme lista de material do projeto (identificação PILARES LATERAIS armação de 16 mm)
A54: 3.5.2.3 | B54: ARMAÇÃO DE PILAR OU VIGA DE ESTRUTURA CONVENCIONAL DE CONCRETO ARMADO UTILIZANDO AÇO CA-50 DE 6,3 MM - MONTAGEM. AF_06/2022 | C54: KG | D54: 74,6 | E54: = Conforme lista de material do projeto (identificação PILARES LATERAIS armação de 6.3 mm)
A55: 3.5.2.4 | B55: CONCRETO FCK = 30MPA, TRAÇO 1:1,9:2,3 (EM MASSA SECA DE CIMENTO/ AREIA MÉDIA/ SEIXO ROLADO) - PREPARO MECÂNICO COM BETONEIRA 600 L. AF_05/2021 | C55: m³ | D55: 4,32 | E55: = 0,5m lado A x 0,5 lado B x altura 2,885 m = 0,721m³ x 6 pilares = 4,32 m²
A56: 3.6 | B56: SUPERESTRUTURA
A57: 3.6.1 | B57: TRANSVERSINA
A58: 3.6.1.1 | B58: MONTAGEM E DESMONTAGEM DE FÔRMA DE VIGA, ESCORAMENTO COM GARFO DE MADEIRA, PÉ-DIREITO DUPLO, EM CHAPA DE MADEIRA RESINADA, 4 UTILIZAÇÕES. AF_09/2020 | C58: m² | D58: 16,0 | E58: = Perimetro laterais + base = 0,5 + 0,6 + 0,5 = 1,6 m x 5m de comprimento x 2 transversina = 16 m²
A59: 3.6.1.2 | B59: ARMAÇÃO DE PILAR OU VIGA DE ESTRUTURA CONVENCIONAL DE CONCRETO ARMADO UTILIZANDO AÇO CA-50 DE 12,5 MM - MONTAGEM. AF_06/2022 | C59: KG | D59: 108,24 | E59: = Conforme lista de material do projeto (identificação TRANSVERSINA armação de 12.5 mm)
A60: 3.6.1.3 | B60: ARMAÇÃO DE PILAR OU VIGA DE ESTRUTURA CONVENCIONAL DE CONCRETO ARMADO UTILIZANDO AÇO CA-50 DE 10,0 MM - MONTAGEM. AF_06/2022 | C60: KG | D60: 107,36 | E60: = Conforme lista de material do projeto (identificação TRANSVERSINA armação de 10.0 mm)
A61: 3.6.1.4 | B61: CONCRETO FCK = 30MPA, TRAÇO 1:1,9:2,3 (EM MASSA SECA DE CIMENTO/ AREIA MÉDIA/ SEIXO ROLADO) - PREPARO MECÂNICO COM BETONEIRA 600 L. AF_05/2021 | C61: m³ | D61: 3,0 | E61: = 2 transversina x 0,50 altura x 0,60 largura x 5m comprimento
A62: 3.7 | B62: VIGAS PRÉ-MOLDADAS
A63: 3.7.1 | B63: FABRICAÇÃO DE FÔRMA PARA VIGAS, EM CHAPA DE MADEIRA COMPENSADA RESINADA, E = 17 MM. AF_09/2020 | C63: m² | D63: 153,6 | E63: = 16 metros de viga x 4 lances x Faces viga + fundo = 16 x 4 x (1 + 0,4 + 1) = 16 x 4 x 2,4 = 153,60 m²
A64: 3.7.2 | B64: ARMAÇÃO DE PILAR OU VIGA DE ESTRUTURA CONVENCIONAL DE CONCRETO ARMADO UTILIZANDO AÇO CA-50 DE 20,0 MM - MONTAGEM. AF_06/2022 | C64: KG | D64: 1.065,31 | E64: = Conforme lista de material do projeto (identificação VIGA PRÉ-MOLDADA armação de 20 mm)
A65: 3.7.3 | B65: ARMAÇÃO DE PILAR OU VIGA DE ESTRUTURA CONVENCIONAL DE CONCRETO ARMADO UTILIZANDO AÇO CA-50 DE 16,0 MM - MONTAGEM. AF_06/2022 | C65: KG | D65: 361,05 | E65: = Conforme lista de material do projeto (identificação VIGA PRÉ-MOLDADA armação de 16 mm)
A66: 3.7.4 | B66: ARMAÇÃO DE PILAR OU VIGA DE ESTRUTURA CONVENCIONAL DE CONCRETO ARMADO UTILIZANDO AÇO CA-50 DE 8,0 MM - MONTAGEM. AF_06/2022 | C66: KG | D66: 439,56 | E66: = Conforme lista de material do projeto (identificação VIGA PRÉ-MOLDADA armação de 8 mm)
A67: 3.7.5 | B67: ARMAÇÃO DE PILAR OU VIGA DE ESTRUTURA CONVENCIONAL DE CONCRETO ARMADO UTILIZANDO AÇO CA-50 DE 10,0 MM - MONTAGEM. AF_06/2022 | C67: KG | D67: 241,37 | E67: = Conforme lista de material do projeto (identificação VIGA PRÉ-MOLDADA armação de 10 mm)
A68: 3.7.6 | B68: CONCRETO FCK = 30MPA, TRAÇO 1:1,9:2,3 (EM MASSA SECA DE CIMENTO/ AREIA MÉDIA/ SEIXO ROLADO) - PREPARO MECÂNICO COM BETONEIRA 600 L. AF_05/2021 | C68: m³ | D68: 25,6 | E68: = 16 metros de viga x 4 lances x 1m de altura x 0,40 m largura = 25,60
A69: 3.7.7 | B69: TRANSPORTE COM CAMINHÃO CARROCERIA COM GUINDAUTO (MUNCK), MOMENTO MÁXIMO DE CARGA 11,7 TM, EM VIA URBANA EM LEITO NATURAL (UNIDADE: TXKM). AF_02/2026 | C69: TXKM | D69: 1.105,92 | E69: = 4 vigas pré moldadas x 16 metros x 1m de altura x 0,40 de largura x peso especifico de 2.400kg/m³ = 61,44 TON x 18 km (canteiro ao local da ponte) = 1.105,92 TON/KM
A70: 3.7.8 | B70: Aparelho de apoio de neoprene fretado para estruturas moldadas no local - fornecimento e instalação | C70: dm³ | D70: 8,0 | E70: = 8 Placas x 20cm x 20cm x 2,5cm espessura = 8000 cm³ / 1000 conversão para dm³ = 8dm³
A71: 3.7.9 | B71: Lançamento de viga pré-moldada de até 500 kN com utilização de guindaste | C71: un | D71: 4,0 | E71: = 04 vigas pre moldadas
A72: 3.8 | B72: PRÉ LAJE
A73: 3.8.1 | B73: FORNECIMENTO E MONTAGEM DE PRÉ-LAJE TRELIÇADA PRÉ-FABRICADAS TR-16, MEDIDAS 0,25x2,30, ESPESSURA 5CM, COM BARRA DE REFORÇO 8mm INCLUSO IÇAMENTO COM GUINDASTE. (REFERENCIA SINAPI 97723) | C73: m³ | D73: 3,84 | E73: = 16 m de extensão x 4,80 de largura x 5cm de espessura
A74: 3.9 | B74: TABULEIRO
A75: 3.9.1 | B75: FABRICAÇÃO DE FÔRMA PARA LAJES, EM CHAPA DE MADEIRA COMPENSADA PLASTIFICADA, E = 18 MM. AF_09/2020 | C75: m² | D75: 8,32 | E75: = Formas laterais = perimetros 16 + 16 + 4,8 + 4,8 = 41,6 metros x altura 20cm = 8,32 m²
A76: 3.9.2 | B76: ARMAÇÃO DE LAJE DE ESTRUTURA CONVENCIONAL DE CONCRETO ARMADO UTILIZANDO AÇO CA-50 DE 10,0 MM - MONTAGEM. AF_06/2022 | C76: KG | D76: 824,36 | E76: = Conforme lista de material do projeto (identificação TABULEIRO armação de 10 mm)
A77: 3.9.3 | B77: ARMAÇÃO DE LAJE DE ESTRUTURA CONVENCIONAL DE CONCRETO ARMADO UTILIZANDO AÇO CA-50 DE 8,0 MM - MONTAGEM. AF_06/2022 | C77: KG | D77: 203,51 | E77: = Conforme lista de material do projeto (identificação TABULEIRO armação de 8 mm)
A78: 3.9.4 | B78: CONCRETO FCK = 30MPA, TRAÇO 1:1,9:2,3 (EM MASSA SECA DE CIMENTO/ AREIA MÉDIA/ SEIXO ROLADO) - PREPARO MECÂNICO COM BETONEIRA 600 L. AF_05/2021 | C78: m³ | D78: 15,36 | E78: = 16 m de extensão x 4,80 de largura x 20 cm espessura = 15,36 m³
A79: 3.10 | B79: LAJE DE TRANSIÇÃO
A80: 3.10.1 | B80: LASTRO COM MATERIAL GRANULAR, APLICADO EM PISOS OU LAJES SOBRE SOLO, ESPESSURA DE *5 CM*. AF_01/2024 | C80: m³ | D80: 1,12 | E80: = Lado A 2,50m x Lado B 2,25 m x 5cm de espessura x 4 lajes de transição = 1,12 m³
A81: 3.10.2 | B81: FABRICAÇÃO DE FÔRMA PARA LAJES, EM CHAPA DE MADEIRA COMPENSADA PLASTIFICADA, E = 18 MM. AF_09/2020 | C81: m² | D81: 5,7 | E81: = Perimetros lados = 2,50 + 2,50 + 2,25 + 2,25 = 9,5 metros x 0,15m altura x 4 lajes
A82: 3.10.3 | B82: ARMAÇÃO DE LAJE DE ESTRUTURA CONVENCIONAL DE CONCRETO ARMADO UTILIZANDO AÇO CA-50 DE 6,3 MM - MONTAGEM. AF_06/2022 | C82: KG | D82: 96,11 | E82: = Conforme lista de material do projeto (identificação LAJE DE TRANSIÇÃO armação de 6.3 mm)
A83: 3.10.4 | B83: ARMAÇÃO DE LAJE DE ESTRUTURA CONVENCIONAL DE CONCRETO ARMADO UTILIZANDO AÇO CA-50 DE 8,0 MM - MONTAGEM. AF_06/2022 | C83: KG | D83: 58,29 | E83: = Conforme lista de material do projeto (identificação LAJE DE TRANSIÇÃO armação de 8 mm)
A84: 3.10.5 | B84: ARMAÇÃO DE LAJE DE ESTRUTURA CONVENCIONAL DE CONCRETO ARMADO UTILIZANDO AÇO CA-50 DE 10,0 MM - MONTAGEM. AF_06/2022 | C84: KG | D84: 150,99 | E84: = Conforme lista de material do projeto (identificação LAJE DE TRANSIÇÃO armação de 10 mm)
A85: 3.10.6 | B85: CONCRETO FCK = 30MPA, TRAÇO 1:1,9:2,3 (EM MASSA SECA DE CIMENTO/ AREIA MÉDIA/ SEIXO ROLADO) - PREPARO MECÂNICO COM BETONEIRA 600 L. AF_05/2021 | C85: m³ | D85: 3,37 | E85: = Lado A 2,50m x Lado B 2,25 m x 0,15m altura x 4 lajes de transição
A86: 3.11 | B86: GUARDA RODA E ACABAMENTOS
A87: 3.11.1 | B87: FABRICAÇÃO DE FÔRMA PARA PILARES E ESTRUTURAS SIMILARES, EM CHAPA DE MADEIRA COMPENSADA PLASTIFICADA, E = 18 MM. AF_09/2020 | C87: m² | D87: 46,85 | E87: = 0,1477 Area face guarda roda x 2 faces x 2 lados = 0,59 m² Altura lateral A 0,70 m + Altura lateral B 0,7457 m = 1,4457 m x 16m x 2 lados = 46,26 m² 0,59 m² + 46,26 m² = 46,85 m²
A88: 3.11.2 | B88: ARMAÇÃO DE PILAR OU VIGA DE ESTRUTURA CONVENCIONAL DE CONCRETO ARMADO UTILIZANDO AÇO CA-50 DE 10,0 MM - MONTAGEM. AF_06/2022 | C88: KG | D88: 197,44 | E88: = Conforme lista de material do projeto (identificação GUARDA RODA armação de 10 mm)
A89: 3.11.3 | B89: ARMAÇÃO DE PILAR OU VIGA DE ESTRUTURA CONVENCIONAL DE CONCRETO ARMADO UTILIZANDO AÇO CA-50 DE 8,0 MM - MONTAGEM. AF_06/2022 | C89: KG | D89: 139,04 | E89: = Conforme lista de material do projeto (identificação GUARDA RODA armação de 8 mm)
A90: 3.11.4 | B90: CONCRETO FCK = 30MPA, TRAÇO 1:1,9:2,3 (EM MASSA SECA DE CIMENTO/ AREIA MÉDIA/ SEIXO ROLADO) - PREPARO MECÂNICO COM BETONEIRA 600 L. AF_05/2021 | C90: m³ | D90: 4,72 | E90: = 0,1477 Area face guarda roda x 16m de comprimento x 2 lados = 4,72 m³
A91: 3.11.5 | B91: Pintura de setas e zebrados com termoplástico por aspersão - espessura de 1,5 mm | C91: m² | D91: 50,85 | E91: = 0,1477 Area face guarda roda x 2 faces x 2 lados = 0,59 m² Altura lateral A 0,70 m + Altura lateral B 0,7457 m = 1,4457 m x 16m x 2 lados = 46,26 m² Face superior = 12,5cm x 16metros x 2 lados = 4 m² Total = 0,59m² + 46,26 m² + 4 m² = 50,85 m²
A92: 3.11.6 | B92: Carga, manobra e descarga de agregados ou solos em caminhão basculante de 10 m³ - carga com carregadeira de 3,40 m³ e descarga livre | C92: t | D92: 659,92 | E92: = Total reaterro= 377,1 m³ x peso especifico 1,4 + 25% empolamento = 659,92 toneladas
A93: 3.11.7 | B93: Reaterro e compactação com soquete vibratório | C93: m³ | D93: 471,37 | E93: = CABECEIRA = 37,23 (afastamento de 2 metros onde será implantado a cabeceira x 5m de altura x 2 lados = 372,3 m³ Blocos = 5m de comprimento x 0,60m de largura x 0,80 altura = 2,4 m³ x 2 blocos = 4,8 m³ Total reaterro = 377,1 m³ + 25% empolamento = 471,37 m³

Sheet CRONOGRAMA
A1: =RESUMO!A1 -> ESTADO DO PARÁ
A2: =RESUMO!A2 -> PREFEITURA MUNICIPAL DE XIINGUARA-PA
A3: =RESUMO!A3 -> CNPJ 04.144.150/0001-20
A4: =RESUMO!A4 -> ADM. 2025/2028
A6: Cliente: | B6: =RESUMO!B6 -> PREFEITURA MUNICIPAL DE XINGUARA
A7: Adm: | B7: =RESUMO!B7 -> OSVALDO DE OLIVEIRA ASSUNÇÃO JUNIOR
A8: Objeto: | B8: =RESUMO!B8 -> CONSTRUÇÃO DE UMA PONTE DE CONCRETO NA VICINAL BARREIRO PRETO
A9: Endereço: | B9: =RESUMO!B9 -> MUNICIPIO DE XINGUARA-PA, ZONA RURAL
A10: Data: | B10: =RESUMO!B10 -> 46106
C11: Bancos | D11: B.D.I. | E11: Encargos Sociais
C12: =RESUMO!D12 -> SINAPI - 04/2026 - Pará SICRO3 - 01/2026 - Pará | D12: =RESUMO!F12 -> 0.2467 | E12: =RESUMO!G12 -> Não Desonerado: embutido nos preços unitário dos insumos de mão de obra, de acordo com as bases.
A13: Cronograma Físico e Financeiro
A14: Item | B14: Descrição | C14: Total Por Etapa | D14: 30 DIAS | E14: 60 DIAS | F14: 90 DIAS | G14: 120 DIAS
A15: 1 | B15: ADMINISTRAÇÃO LOCAL DA OBRA | C15: 100,00% 28.413,76 | D15: 20,58% 5.847,55 | E15: 29,42% 8.359,33 | F15: 29,42% 8.359,33 | G15: 20,58% 5.847,55
A16: 2 | B16: MOBILIZAÇÃO E DESMOBILIZAÇÃO | C16: 100,00% 9.777,31 | D16: 50,00% 4.888,66 | G16: 50,00% 4.888,66
A17: 3 | B17: PONTE BARREIRO PRETO (16,00 x 4,80 x 5,00) | C17: 100,00% 498.659,71 | D17: 20,00% 99.731,94 | E17: 30,00% 149.597,91 | F17: 30,00% 149.597,91 | G17: 20,00% 99.731,94
A18: Porcentagem | D18: 20,58% | E18: 29,42% | F18: 29,42% | G18: 20,58%
A19: Custo | D19: 110.468,14 | E19: 157.957,24 | F19: 157.957,24 | G19: 110.468,14
A20: Porcentagem Acumulado | D20: 20,58% | E20: 50,0% | F20: 79,42% | G20: 100,0%
A21: Custo Acumulado | D21: 110.468,14 | E21: 268.425,38 | F21: 426.382,62 | G21: 536.850,78

Sheet BDI
A1: =RESUMO!A1 -> ESTADO DO PARÁ
A2: =RESUMO!A2 -> PREFEITURA MUNICIPAL DE XIINGUARA-PA
A3: =RESUMO!A3 -> CNPJ 04.144.150/0001-20
A4: =RESUMO!A4 -> ADM. 2025/2028
A5: CLIENTE: | B5: =RESUMO!B6 -> PREFEITURA MUNICIPAL DE XINGUARA
A6: ADMIN: | B6: =RESUMO!B7 -> OSVALDO DE OLIVEIRA ASSUNÇÃO JUNIOR
A7: OBJETO: | B7: =RESUMO!B8 -> CONSTRUÇÃO DE UMA PONTE DE CONCRETO NA VICINAL BARREIRO PRETO
A8: ENDEREÇO: | B8: =RESUMO!B9 -> MUNICIPIO DE XINGUARA-PA, ZONA RURAL
A9: DATA: | B9: =RESUMO!B10 -> 46106
A11: COMPOSIÇÃO DE BONIFICAÇÕES DE DESPESAS INDIRETAS (B.D.I)
B186: Alvenaria tijolo de barro a cutelo
B187: Chapisco de cimento e areia no trago 1:3
B188: Reboco com argamassa 1:6:Adit. Plast.
B189: PVA interna c/ massa acrilica e selador
B190: Impermeabilizagao asfaltica para concreto e alvenaria (3 demaos)
B191: ARGILA OU BARRO PARA ATERRO/REATERRO (COM TRANSPORTE ATE 10 KM)
B192: COMPACTACAO MANUAL DE ATERRO 1a CAT CAMADA 15 cm

Sheet ENCARGOS
A1: =RESUMO!A1 -> ESTADO DO PARÁ
A2: =RESUMO!A2 -> PREFEITURA MUNICIPAL DE XIINGUARA-PA
A3: =RESUMO!A3 -> CNPJ 04.144.150/0001-20
A4: =RESUMO!A4 -> ADM. 2025/2028
A5: CLIENTE: | B5: =RESUMO!B6 -> PREFEITURA MUNICIPAL DE XINGUARA
A6: ADMIN: | B6: =RESUMO!B7 -> OSVALDO DE OLIVEIRA ASSUNÇÃO JUNIOR
A7: OBJETO: | B7: =RESUMO!B8 -> CONSTRUÇÃO DE UMA PONTE DE CONCRETO NA VICINAL BARREIRO PRETO
A8: ENDEREÇO: | B8: =RESUMO!B9 -> MUNICIPIO DE XINGUARA-PA, ZONA RURAL
A9: DATA: | B9: =RESUMO!B10 -> 46106
A11: ENCARGOS SOCIAIS
B186: Alvenaria tijolo de barro a cutelo
B187: Chapisco de cimento e areia no trago 1:3
B188: Reboco com argamassa 1:6:Adit. Plast.
B189: PVA interna c/ massa acrilica e selador
B190: Impermeabilizagao asfaltica para concreto e alvenaria (3 demaos)
B191: ARGILA OU BARRO PARA ATERRO/REATERRO (COM TRANSPORTE ATE 10 KM)
B192: COMPACTACAO MANUAL DE ATERRO 1a CAT CAMADA 15 cm

Sheet CURVA ABC INSUMOS
A1: =RESUMO!$A$1 -> ESTADO DO PARÁ
A2: =RESUMO!$A$2 -> PREFEITURA MUNICIPAL DE XIINGUARA-PA
A3: =RESUMO!$A$3 -> CNPJ 04.144.150/0001-20
A4: =RESUMO!$A$4 -> ADM. 2025/2028
A6: =('[79]Memória de Cálculo'!A6) -> Cliente: | B6: =RESUMO!$B$6 -> PREFEITURA MUNICIPAL DE XINGUARA
A7: =('[79]Memória de Cálculo'!A7) -> Adm: | B7: =RESUMO!$B$7 -> OSVALDO DE OLIVEIRA ASSUNÇÃO JUNIOR
A8: =('[79]Memória de Cálculo'!A8) -> Objeto: | B8: =RESUMO!$B$8 -> CONSTRUÇÃO DE UMA PONTE DE CONCRETO NA VICINAL BARREIRO PRETO
A9: =('[79]Memória de Cálculo'!A9) -> Endereço: | B9: =RESUMO!$B$9 -> MUNICIPIO DE XINGUARA-PA, ZONA RURAL
A10: Data: | B10: =RESUMO!$B$10 -> 46106
D11: Bancos | F11: B.D.I. | H11: Encargos Sociais
D12: =RESUMO!$D$12 -> SINAPI - 04/2026 - Pará SICRO3 - 01/2026 - Pará | F12: =RESUMO!$F$12 -> 0.2467 | H12: =RESUMO!$G$12 -> Não Desonerado: embutido nos preços unitário dos insumos de mão de obra, de acordo com as bases.
A13: Curva ABC de Insumos
A15: Código | B15: Banco | C15: Descrição | D15: Tipo | E15: Und | F15: Quantidade | H15: Valor Unitário | J15: Total | M15: Peso | N15: Valor Acumulado | O15: Peso Acumulado
F16: Operativa | G16: Improdutiva | H16: Operativa | I16: Improdutiva | J16: Operativa | K16: Improdutiva | L16: Geral
A17: M1606 | B17: SICRO3 | C17: Trilho TR68 em aço-carbono usado | D17: Material | E17: kg | F17: 14.601,6000000 | H17: 6,83 | J17: 99.728,93 | L17: 99728.928 | M17: 18,58% | N17: 99728.928 | O17: 18,58%
A18: 00001379 | B18: SINAPI | C18: CIMENTO PORTLAND COMPOSTO CP II-32 | D18: Material | E18: KG | F18: 44.309,6313229 | H18: 1,34 | J18: 59.374,91 | L18: 59374.906 | M18: 11,06% | N18: 159103.83 | O18: 29,64%
A19: 00004221 | B19: SINAPI | C19: OLEO DIESEL COMBUSTIVEL COMUM METROPOLITANO S-10 OU S-500 | D19: Material | E19: L | F19: 3.002,2321434 | H19: 9,33 | J19: 28.010,83 | L19: 28010.826 | M19: 5,22% | N19: 187114.66 | O19: 34,85%
A20: 00000033 | B20: SINAPI | C20: ACO CA-50, 8,0 MM, VERGALHAO | D20: Material | E20: KG | F20: 2.347,8981000 | H20: 10,03 | J20: 23.549,42 | L20: 23549.418 | M20: 4,39% | N20: 210664.08 | O20: 39,24%
A21: 00000034 | B21: SINAPI | C21: ACO CA-50, 10,0 MM, VERGALHAO | D21: Material | E21: KG | F21: 2.406,6354000 | H21: 9,44 | J21: 22.718,64 | L21: 22718.638 | M21: 4,23% | N21: 233382.72 | O21: 43,47%
A22: E9094 | B22: SICRO3 | C22: Guindaste móvel sobre pneus com 6 eixos com capacidade máxima de 350 t - 450 kW | D22: Equipamento | E22: H | F22: 6,7470124 | G22: 0,0000000 | H22: 2.997,85 | I22: 1.636,09 | J22: 20.226,53 | K22: 0,00 | L22: 20226.531 | M22: 3,77% | N22: 253609.25 | O22: 47,24%
A23: 00001358 | B23: SINAPI | C23: CHAPA/PAINEL DE MADEIRA COMPENSADA RESINADA (MADEIRITE RESINADO ROSA) PARA FORMA DE CONCRETO, DE 2200 X 1100 MM, E = 17 MM | D23: Material | E23: m² | F23: 235,8543040 | H23: 69,49 | J23: 16.389,52 | L23: 16389.516 | M23: 3,05% | N23: 269998.76 | O23: 50,29%
A24: 00001213 | B24: SINAPI | C24: CARPINTEIRO DE FORMAS OU OFICIAL (HORISTA) | D24: Mão de Obra | E24: H | F24: 557,1757333 | H24: 27,32 | J24: 15.222,04 | L24: 15222.041 | M24: 2,84% | N24: 285220.8 | O24: 53,13%
A25: 00004734 | B25: SINAPI | C25: SEIXO ROLADO PARA APLICACAO EM CONCRETO (POSTO PEDREIRA/FORNECEDOR, SEM FRETE) | D25: Material | E25: m³ | F25: 62,4755600 | H25: 234,08 | J25: 14.624,28 | L25: 14624.279 | M25: 2,72% | N25: 299845.08 | O25: 55,85%
A26: 00037370 | B26: SINAPI | C26: ALIMENTACAO - HORISTA (COLETADO CAIXA - ENCARGOS COMPLEMENTARES) | D26: Material | E26: H | F26: 2.228,6286554 | H26: 6,42 | J26: 14.307,80 | L26: 14307.796 | M26: 2,67% | N26: 314152.88 | O26: 58,52%
A27: 00002706 | B27: SINAPI | C27: ENGENHEIRO CIVIL DE OBRA JUNIOR (HORISTA) | D27: Mão de Obra | E27: H | F27: 81,1808000 | H27: 171,32 | J27: 13.907,89 | L27: 13907.895 | M27: 2,59% | N27: 328060.77 | O27: 61,11%
A28: 00001345 | B28: SINAPI | C28: CHAPA/PAINEL DE MADEIRA COMPENSADA PLASTIFICADA (MADEIRITE PLASTIFICADO) PARA FORMA DE CONCRETO, DE 2200 X 1100 MM, E = *17* MM | D28: Material | E28: m² | F28: 116,7082780 | H28: 117,68 | J28: 13.734,23 | L28: 13734.23 | M28: 2,56% | N28: 341795 | O28: 63,67%
A29: 00000378 | B29: SINAPI | C29: ARMADOR (HORISTA) | D29: Mão de Obra | E29: H | F29: 457,9697888 | H29: 27,32 | J29: 12.511,73 | L29: 12511.735 | M29: 2,33% | N29: 354306.74 | O29: 66,00%
A30: E9502 | B30: SICRO3 | C30: Bate-estaca de gravidade para 6 t - 119 kW | D30: Equipamento | E30: H | F30: 26,0240904 | G30: 0,0000000 | H30: 453,67 | I30: 232,66 | J30: 11.806,35 | K30: 0,00 | L30: 11806.349 | M30: 2,20% | N30: 366113.09 | O30: 68,20%
A31: P9824 | B31: SICRO3 | C31: Servente | D31: Mão de Obra | E31: h | F31: 396,9334885 | H31: 29,63 | J31: 11.761,14 | L31: 11761.139 | M31: 2,19% | N31: 377874.23 | O31: 70,39%
A32: 00043056 | B32: SINAPI | C32: ACO CA-50, 20,0 MM OU 25,0 MM, VERGALHAO | D32: Material | E32: KG | F32: 1.214,4534000 | H32: 9,43 | J32: 11.452,30 | L32: 11452.296 | M32: 2,13% | N32: 389326.52 | O32: 72,52%
A33: 00000370 | B33: SINAPI | C33: AREIA MEDIA - POSTO JAZIDA/FORNECEDOR (RETIRADO NA JAZIDA, SEM TRANSPORTE) | D33: Material | E33: m³ | F33: 73,6536274 | H33: 149,60 | J33: 11.018,58 | L33: 11018.583 | M33: 2,05% | N33: 400345.1 | O33: 74,57%
A34: 00004083 | B34: SINAPI | C34: ENCARREGADO GERAL DE OBRAS (HORISTA) | D34: Mão de Obra | E34: H | F34: 326,7840000 | H34: 30,26 | J34: 9.888,48 | L34: 9888.4838 | M34: 1,84% | N34: 410233.59 | O34: 76,41%
A35: 00004517 | B35: SINAPI | C35: SARRAFO *2,5 X 7,5* CM EM PINUS, MISTA OU EQUIVALENTE DA REGIAO - BRUTA | D35: Material | E35: M | F35: 1.898,5999580 | H35: 5,01 | J35: 9.511,99 | L35: 9511.9858 | M35: 1,77% | N35: 419745.57 | O35: 78,19%
A36: 00043055 | B36: SINAPI | C36: ACO CA-50, 12,5 MM OU 16,0 MM, VERGALHAO | D36: Material | E36: KG | F36: 1.154,7219000 | H36: 8,19 | J36: 9.457,17 | L36: 9457.1724 | M36: 1,76% | N36: 429202.75 | O36: 79,95%
A37: 00045311 | B37: SINAPI | C37: LAJE EM PAINEL TRELICADO MACICO L=25 CM, PTM-16, COM TRELICA DE 12 CM, PARA PISO, UNIDIRECIONAL, SOBRECARGA DE 350 KGF/M2, VAO ATE 6,0 M, EXCLUSO CONCRETO (SEM COLOCACAO) | D37: Material | E37: m² | F37: 76,8000000 | H37: 113,62 | J37: 8.726,02 | L37: 8726.016 | M37: 1,63% | N37: 437928.76 | O37: 81,57%
A38: 00004491 | B38: SINAPI | C38: PONTALETE *7,5 X 7,5* CM EM PINUS, MISTA OU EQUIVALENTE DA REGIAO - BRUTA | D38: Material | E38: M | F38: 518,2204013 | H38: 14,31 | J38: 7.415,73 | L38: 7415.7339 | M38: 1,38% | N38: 445344.5 | O38: 82,95%
A39: 00006111 | B39: SINAPI | C39: SERVENTE DE OBRAS (HORISTA) | D39: Mão de Obra | E39: H | F39: 344,8184979 | H39: 20,15 | J39: 6.948,09 | L39: 6948.0927 | M39: 1,29% | N39: 452292.59 | O39: 84,25%
A40: 00043132 | B40: SINAPI | C40: ARAME RECOZIDO 16 BWG, D = 1,65 MM (0,016 KG/M) OU 18 BWG, D = 1,25 MM (0,01 KG/M) | D40: Material | E40: KG | F40: 160,6756000 | H40: 30,02 | J40: 4.823,48 | L40: 4823.4815 | M40: 0,90% | N40: 457116.07 | O40: 85,15%
A41: 00037372 | B41: SINAPI | C41: EXAMES - HORISTA (COLETADO CAIXA - ENCARGOS COMPLEMENTARES) | D41: Material | E41: H | F41: 2.228,6286554 | H41: 1,88 | J41: 4.189,82 | L41: 4189.8219 | M41: 0,78% | N41: 461305.89 | O41: 85,93%
A42: 00037666 | B42: SINAPI | C42: OPERADOR DE BETONEIRA ESTACIONARIA / MISTURADOR (HORISTA) | D42: Mão de Obra | E42: H | F42: 137,9783188 | H42: 25,70 | J42: 3.546,04 | L42: 3546.0428 | M42: 0,66% | N42: 464851.94 | O42: 86,59%
... A44: 00037371 | B44: SINAPI | C44: TRANSPORTE - HORISTA (COLETADO CAIXA - ENCARGOS COMPLEMENTARES) | D44: Material | E44: H | F44: 2.148,6286554 | H44: 1,48 | J44: 3.179,97 | L44: 3179.9704 | M44: 0,59% | N44: 471521.84 | O44: 87,83%
A45: E9579 | B45: SICRO3 | C45: Caminhão basculante com capacidade de 10 m³ - 210 kW | D45: Equipamento | E45: H | F45: 7,4011116 | G45: 1,2048199 | H45: 392,91 | I45: 121,91 | J45: 2.907,97 | K45: 146,89 | L45: 3054.8561 | M45: 0,57% | N45: 474576.7 | O45: 88,40%
A46: E9526 | B46: SICRO3 | C46: Retroescavadeira de pneus - capacidade da caçamba da pá-carregadeira de 0,76 m³ e da retroescavadeira de 0,29 m³ - 58 kW | D46: Equipamento | E46: H | F46: 14,5038317 | G46: 0,0000000 | H46: 201,30 | I46: 106,52 | J46: 2.919,62 | K46: 0,00 | L46: 2919.6213 | M46: 0,54% | N46: 477496.32 | O46: 88,94%
A47: 00004230 | B47: SINAPI | C47: OPERADOR DE MAQUINAS E TRATORES DIVERSOS - TERRAPLANAGEM (HORISTA) | D47: Mão de Obra | E47: H | F47: 87,3367361 | H47: 31,04 | J47: 2.710,93 | L47: 2710.9323 | M47: 0,50% | N47: 480207.25 | O47: 89,45%
A48: E9647 | B48: SICRO3 | C48: Compactador manual com soquete vibratório - 4,10 kW | D48: Equipamento | E48: H | F48: 151,4441576 | G48: 0,0000000 | H48: 15,93 | I48: 3,53 | J48: 2.412,51 | K48: 0,00 | L48: 2412.5054 | M48: 0,45% | N48: 482619.75 | O48: 89,90%
A49: M2040 | B49: SICRO3 | C49: Massa termoplástica para aspersão | D49: Material | E49: kg | F49: 156,3637500 | H49: 14,97 | J49: 2.340,77 | L49: 2340.7653 | M49: 0,44% | N49: 484960.52 | O49: 90,33%
A50: M3229 | B50: SICRO3 | C50: Película retrorrefletiva tipo I + SI (sinal impresso com película de sobreposição tipo V) | D50: Material | E50: m² | F50: 4,1144400 | H50: 566,61 | J50: 2.331,28 | L50: 2331.2828 | M50: 0,43% | N50: 487291.8 | O50: 90,77%
A51: 00037762 | B51: SINAPI | C51: CAVALO MECANICO TRACAO 4X2, PESO BRUTO TOTAL 16000 KG, CAPACIDADE MAXIMA DE TRACAO *36000* KG, DISTANCIA ENTRE EIXOS *3,56* M, POTENCIA *286* CV (INCLUI CABINE E CHASSI, NAO INCLUI SEMIRREBOQUE) | D51: Equipamento para Aquisição Permanente | E51: UN | F51: 0,0024726 | H51: 929.113,95 | J51: 2.297,33 | L51: 2297.3272 | M51: 0,43% | N51: 489589.13 | O51: 91,20%
A52: 00036500 | B52: SINAPI | C52: GRUPO GERADOR REBOCAVEL, POTENCIA *66* KVA, MOTOR A DIESEL | D52: Equipamento para Aquisição Permanente | E52: UN | F52: 0,0158048 | H52: 138.757,95 | J52: 2.193,04 | L52: 2193.0416 | M52: 0,41% | N52: 491782.17 | O52: 91,61%
A53: 00006117 | B53: SINAPI | C53: CARPINTEIRO AUXILIAR (HORISTA) | D53: Mão de Obra | E53: H | F53: 91,2388635 | H53: 20,89 | J53: 1.905,98 | L53: 1905.9799 | M53: 0,36% | N53: 493688.15 | O53: 91,96%
A54: E9511 | B54: SICRO3 | C54: Carregadeira de pneus com capacidade de 3,40 m³ - 195 kW | D54: Equipamento | E54: H | F54: 2,8686439 | G54: 0,0000000 | H54: 661,99 | I54: 329,69 | J54: 1.899,01 | K54: 0,00 | L54: 1899.0135 | M54: 0,35% | N54: 495587.17 | O54: 92,31%
A55: 00000032 | B55: SINAPI | C55: ACO CA-50, 6,3 MM, VERGALHAO | D55: Material | E55: KG | F55: 182,6597000 | H55: 9,97 | J55: 1.821,12 | L55: 1821.1172 | M55: 0,34% | N55: 497408.28 | O55: 92,65%
A56: 00037752 | B56: SINAPI | C56: CAMINHAO TOCO, PESO BRUTO TOTAL 16000 KG, CARGA UTIL MAXIMA 11030 KG, DISTANCIA ENTRE EIXOS 5,41 M, POTENCIA 185 CV (INCLUI CABINE E CHASSI, NAO INCLUI CARROCERIA) | D56: Equipamento para Aquisição Permanente | E56: UN | F56: 0,0021928 | H56: 757.117,50 | J56: 1.660,21 | L56: 1660.2073 | M56: 0,31% | N56: 499068.49 | O56: 92,96%
A57: 00043483 | B57: SINAPI | C57: EPI - FAMILIA CARPINTEIRO DE FORMAS - HORISTA (ENCARGOS COMPLEMENTARES - COLETADO CAIXA) | D57: Material | E57: H | F57: 642,3894637 | H57: 2,15 | J57: 1.381,14 | L57: 1381.1373 | M57: 0,26% | N57: 500449.63 | O57: 93,22%
A58: M0798 | B58: SICRO3 | C58: Apoio de neoprene fretado | D58: Material | E58: dm³ | F58: 8,0000000 | H58: 151,86 | J58: 1.214,88 | L58: 1214.88 | M58: 0,23% | N58: 501664.51 | O58: 93,45%
A59: 00043489 | B59: SINAPI | C59: EPI - FAMILIA PEDREIRO - HORISTA (ENCARGOS COMPLEMENTARES - COLETADO CAIXA) | D59: Material | E59: H | F59: 522,5568496 | H59: 2,19 | J59: 1.144,40 | L59: 1144.3995 | M59: 0,21% | N59: 502808.91 | O59: 93,66%
A60: 00006193 | B60: SINAPI | C60: TABUA NAO APARELHADA *2,5 X 20* CM, EM MACARANDUBA/MASSARANDUBA, ANGELIM OU EQUIVALENTE DA REGIAO - BRUTA | D60: Material | E60: M | F60: 43,0166000 | H60: 26,41 | J60: 1.136,07 | L60: 1136.0684 | M60: 0,21% | N60: 503944.97 | O60: 93,87%
A61: E9645 | B61: SICRO3 | C61: Caminhão demarcador de faixas com sistema de pintura a quente - 5 kW/30,10 kW/136 kW | D61: Equipamento | E61: H | F61: 1,2866881 | G61: 0,0000000 | H61: 879,34 | I61: 399,90 | J61: 1.131,44 | K61: 0,00 | L61: 1131.4363 | M61: 0,21% | N61: 505076.41 | O61: 94,08%
A62: 00011587 | B62: SINAPI | C62: FORRO DE PVC LISO, BRANCO, REGUA DE 10 CM, ESPESSURA APROXIMADA DE 8 MM (COM COLOCACAO / SEM ESTRUTURA METALICA) | D62: Material | E62: m² | F62: 9,0000000 | H62: 124,81 | J62: 1.123,29 | L62: 1123.29 | M62: 0,21% | N62: 506199.7 | O62: 94,29%
A63: 00037743 | B63: SINAPI | C63: SEMIRREBOQUE COM DOIS EIXOS EM TANDEM TIPO BASCULANTE COM CACAMBA METALICA 14 M3 (INCLUI MONTAGEM, NAO INCLUI CAVALO MECANICO) | D63: Equipamento para Aquisição Permanente | E63: UN | F63: 0,0034755 | H63: 296.516,83 | J63: 1.030,54 | L63: 1030.5442 | M63: 0,19% | N63: 507230.25 | O63: 94,48%
A64: 00007194 | B64: SINAPI | C64: TELHA DE FIBROCIMENTO ONDULADA E = 6 MM, DE 2,44 X 1,10 M (SEM AMIANTO) | D64: Material | E64: m² | F64: 17,5818348 | H64: 57,48 | J64: 1.010,60 | L64: 1010.6039 | M64: 0,19% | N64: 508240.85 | O64: 94,67%
A65: 00005068 | B65: SINAPI | C65: PREGO DE ACO POLIDO COM CABECA 17 X 21 (2 X 11) | D65: Material | E65: KG | F65: 45,6502321 | H65: 22,12 | J65: 1.009,78 | L65: 1009.7831 | M65: 0,19% | N65: 509250.63 | O65: 94,86%
A66: 00006114 | B66: SINAPI | C66: AJUDANTE DE ARMADOR (HORISTA) | D66: Mão de Obra | E66: H | F66: 48,2023715 | H66: 20,89 | J66: 1.006,95 | L66: 1006.9475 | M66: 0,19% | N66: 510257.58 | O66: 95,05%
A67: 00040275 | B67: SINAPI | C67: LOCACAO DE VIGA SANDUICHE METALICA VAZADA PARA TRAVAMENTO DE PILARES, ALTURA DE *8* CM, LARGURA DE *6* CM E EXTENSAO DE 2 M | D67: Equipamento | E67: UNXMES | F67: 39,6452695 | H67: 23,93 | J67: 948,71 | L67: 948.7113 | M67: 0,18% | N67: 511206.29 | O67: 95,22%
A68: 00040271 | B68: SINAPI | C68: LOCACAO DE APRUMADOR METALICO DE PILAR, COM ALTURA E ANGULO REGULAVEIS, EXTENSAO DE *1,50* A *2,80* M | D68: Equipamento | E68: UNXMES | F68: 36,0411357 | H68: 22,90 | J68: 825,34 | L68: 825.34201 | M68: 0,15% | N68: 512031.63 | O68: 95,38%
A69: 00039017 | B69: SINAPI | C69: ESPACADOR / DISTANCIADOR CIRCULAR COM ENTRADA LATERAL, EM PLASTICO, PARA VERGALHAO *4,2 A 12,5* MM, COBRIMENTO 20 MM | D69: Material | E69: UN | F69: 3.018,1593500 | H69: 0,27 | J69: 814,90 | L69: 814.90302 | M69: 0,15% | N69: 512846.54 | O69: 95,53%
A70: 00043491 | B70: SINAPI | C70: EPI - FAMILIA SERVENTE - HORISTA (ENCARGOS COMPLEMENTARES - COLETADO CAIXA) | D70: Material | E70: H | F70: 337,6601038 | H70: 2,30 | J70: 776,62 | L70: 776.61824 | M70: 0,14% | N70: 513623.15 | O70: 95,67%
A71: 00043681 | B71: SINAPI | C71: CHAPA/PAINEL DE MADEIRA COMPENSADA RESINADA (MADEIRITE RESINADO ROSA) PARA FORMA DE CONCRETO, DE 2200 X 1100 MM, E = 8 A 12 MM | D71: Material | E71: m² | F71: 17,6995454 | H71: 43,78 | J71: 774,89 | L71: 774.8861 | M71: 0,14% | N71: 514398.04 | O71: 95,82%
A72: 00004096 | B72: SINAPI | C72: MOTORISTA OPERADOR DE CAMINHAO COM MUNCK (HORISTA) | D72: Mão de Obra | E72: H | F72: 22,5543139 | H72: 33,94 | J72: 765,49 | L72: 765.49341 | M72: 0,14% | N72: 515163.53 | O72: 95,96%
A73: 00044475 | B73: SINAPI | C73: GUINDASTE HIDRAULICO AUTOPROPELIDO, COM LANCA TELESCOPICA 28,80 M, CAPACIDADE MAXIMA 30 T, POTENCIA 97 KW, TRACAO 4 X 4 | D73: Equipamento para Aquisição Permanente | E73: UN | F73: 0,0004641 | H73: 1.614.895,06 | J73: 749,47 | L73: 749.4728 | M73: 0,14% | N73: 515913.01 | O73: 96,10%
... A89: 00043488 | B89: SINAPI | C89: EPI - FAMILIA OPERADOR ESCAVADEIRA - HORISTA (ENCARGOS COMPLEMENTARES - COLETADO CAIXA) | D89: Material | E89: H | F89: 273,3075199 | H89: 1,38 | J89: 377,16 | L89: 377.16438 | M89: 0,07% | N89: 524527.9 | O89: 97,70%
A90: E9041 | B90: SICRO3 | C90: Caminhão carroceria com guindauto com capacidade de 45 t.m - 188 kW | D90: Equipamento | E90: H | F90: 0,7019996 | G90: 0,0000000 | H90: 498,17 | I90: 159,88 | J90: 349,72 | K90: 0,00 | L90: 349.71514 | M90: 0,07% | N90: 524877.62 | O90: 97,77%
A91: 00007356 | B91: SINAPI | C91: TINTA LATEX ACRILICA PREMIUM, COR BRANCO FOSCO | D91: Material | E91: L | F91: 7,7030321 | H91: 45,09 | J91: 347,33 | L91: 347.32972 | M91: 0,06% | N91: 525224.95 | O91: 97,83%
A92: 00004425 | B92: SINAPI | C92: VIGA NAO APARELHADA *6 X 12* CM, EM MACARANDUBA/MASSARANDUBA, ANGELIM OU EQUIVALENTE DA REGIAO - BRUTA | D92: Material | E92: M | F92: 8,2119840 | H92: 39,55 | J92: 324,78 | L92: 324.78397 | M92: 0,06% | N92: 525549.73 | O92: 97,89%
A93: 00004513 | B93: SINAPI | C93: CAIBRO 5 X 5 CM EM PINUS, MISTA OU EQUIVALENTE DA REGIAO - BRUTA | D93: Material | E93: M | F93: 31,3596000 | H93: 10,07 | J93: 315,79 | L93: 315.79117 | M93: 0,06% | N93: 525865.52 | O93: 97,95%
A94: 00011190 | B94: SINAPI | C94: JANELA BASCULANTE, ACO, COM BATENTE/REQUADRO, 60 X 60 CM (SEM VIDROS) | D94: Material | E94: UN | F94: 1,8876510 | H94: 167,04 | J94: 315,31 | L94: 315.31322 | M94: 0,06% | N94: 526180.83 | O94: 98,01%
A95: P9821 | B95: SICRO3 | C95: Pedreiro | D95: Mão de Obra | E95: h | F95: 8,0000000 | H95: 37,35 | J95: 298,80 | L95: 298.8 | M95: 0,06% | N95: 526479.63 | O95: 98,07%
A96: 00037373 | B96: SINAPI | C96: SEGURO - HORISTA (COLETADO CAIXA - ENCARGOS COMPLEMENTARES) | D96: Material | E96: H | F96: 2.228,6286554 | H96: 0,13 | J96: 289,72 | L96: 289.72173 | M96: 0,05% | N96: 526769.36 | O96: 98,12%
A97: 00003992 | B97: SINAPI | C97: TABUA APARELHADA *2,5 X 30* CM, EM MACARANDUBA/MASSARANDUBA, ANGELIM OU EQUIVALENTE DA REGIAO | D97: Material | E97: M | F97: 6,6573390 | H97: 43,38 | J97: 288,80 | L97: 288.79537 | M97: 0,05% | N97: 527058.15 | O97: 98,18%
A98: 00002705 | B98: SINAPI | C98: ENERGIA ELETRICA ATE 2000 KWH INDUSTRIAL, SEM DEMANDA | D98: Franquia | E98: KWH | F98: 197,3162756 | H98: 1,45 | J98: 286,11 | L98: 286.1086 | M98: 0,05% | N98: 527344.26 | O98: 98,23%
A99: 00039025 | B99: SINAPI | C99: PORTA DE ABRIR, TIPO VENEZIANA, EM ALUMINIO, ACABAMENTO ANODIZADO NATURAL, 90 CM X 210 CM (LARGURA X ALTURA), SEM GUARNICAO/ALIZAR/VISTA | D99: Material | E99: UN | F99: 0,3122894 | H99: 853,10 | J99: 266,41 | L99: 266.41409 | M99: 0,05% | N99: 527610.67 | O99: 98,28%
A100: E9687 | B100: SICRO3 | C100: Caminhão carroceria com capacidade de 5 t - 115 kW | D100: Equipamento | E100: H | F100: 0,6000000 | G100: 1,3999998 | H100: 220,80 | I100: 92,36 | J100: 132,48 | K100: 129,30 | L100: 261.77773 | M100: 0,05% | N100: 527872.45 | O100: 98,33%
A101: 00006212 | B101: SINAPI | C101: TABUA *2,5 X 30 CM EM PINUS, MISTA OU EQUIVALENTE DA REGIAO - BRUTA | D101: Material | E101: M | F101: 10,7520000 | H101: 23,73 | J101: 255,14 | L101: 255.14496 | M101: 0,05% | N101: 528127.6 | O101: 98,38%
A102: 00004721 | B102: SINAPI | C102: PEDRA BRITADA N. 1 (9,5 A 19 MM) POSTO PEDREIRA/FORNECEDOR, SEM FRETE | D102: Material | E102: m³ | F102: 0,7981627 | H102: 314,35 | J102: 250,90 | L102: 250.90244 | M102: 0,05% | N102: 528378.5 | O102: 98,42%
A103: M2038 | B103: SICRO3 | C103: Microesferas refletivas de vidro tipo II-A | D103: Material | E103: kg | F103: 20,3400000 | H103: 12,31 | J103: 250,39 | L103: 250.3854 | M103: 0,05% | N103: 528628.88 | O103: 98,47%
A104: 00004006 | B104: SINAPI | C104: MADEIRA SERRADA EM PINUS, MISTA OU EQUIVALENTE DA REGIAO - BRUTA | D104: Material | E104: m³ | F104: 0,0768000 | H104: 3.222,12 | J104: 247,46 | L104: 247.45882 | M104: 0,05% | N104: 528876.34 | O104: 98,51%
A105: 00006194 | B105: SINAPI | C105: TABUA *2,5 X 15 CM EM PINUS, MISTA OU EQUIVALENTE DA REGIAO - BRUTA | D105: Material | E105: M | F105: 23,3786360 | H105: 10,21 | J105: 238,70 | L105: 238.69587 | M105: 0,04% | N105: 529115.04 | O105: 98,56%
A106: 00043467 | B106: SINAPI | C106: FERRAMENTAS - FAMILIA SERVENTE - HORISTA (ENCARGOS COMPLEMENTARES - COLETADO CAIXA) | D106: Material | E106: H | F106: 337,6601038 | H106: 0,69 | J106: 232,99 | L106: 232.98547 | M106: 0,04% | N106: 529348.02 | O106: 98,60%
A107: 00043459 | B107: SINAPI | C107: FERRAMENTAS - FAMILIA CARPINTEIRO DE FORMAS - HORISTA (ENCARGOS COMPLEMENTARES - COLETADO CAIXA) | D107: Material | E107: H | F107: 642,3894637 | H107: 0,34 | J107: 218,41 | L107: 218.41242 | M107: 0,04% | N107: 529566.44 | O107: 98,64%
A108: 00039809 | B108: SINAPI | C108: CAIXA PARA MEDIDOR POLIFASICO, EM POLICARBONATO / TERMOPLASTICO, PARA ALOJAR 1 DISJUNTOR (PADRAO DA CONCESSIONARIA LOCAL) | D108: Material | E108: UN | F108: 1,0000000 | H108: 199,59 | J108: 199,59 | L108: 199.59 | M108: 0,04% | N108: 529766.03 | O108: 98,68%
A109: 00004783 | B109: SINAPI | C109: PINTOR (HORISTA) | D109: Mão de Obra | E109: H | F109: 7,0685229 | H109: 27,32 | J109: 193,11 | L109: 193.11205 | M109: 0,04% | N109: 529959.14 | O109: 98,72%
A110: 00000247 | B110: SINAPI | C110: AJUDANTE DE ELETRICISTA (HORISTA) | D110: Mão de Obra | E110: H | F110: 9,0353841 | H110: 20,89 | J110: 188,75 | L110: 188.74917 | M110: 0,04% | N110: 530147.89 | O110: 98,75%
A111: 00000867 | B111: SINAPI | C111: CABO DE COBRE NU 50 MM2 MEIO-DURO | D111: Material | E111: M | F111: 2,0475000 | H111: 92,13 | J111: 188,64 | L111: 188.63618 | M111: 0,04% | N111: 530336.52 | O111: 98,79%
A112: 00004433 | B112: SINAPI | C112: CAIBRO NAO APARELHADO *6 X 6* CM, EM MACARANDUBA/MASSARANDUBA, ANGELIM OU EQUIVALENTE DA REGIAO - BRUTA | D112: Material | E112: M | F112: 4,7747506 | H112: 36,56 | J112: 174,56 | L112: 174.56488 | M112: 0,03% | N112: 530511.09 | O112: 98,82%
... A145: 00002673 | B145: SINAPI | C145: ELETRODUTO DE PVC RIGIDO ROSCAVEL DE 1/2", SEM LUVA | D145: Material | E145: M | F145: 4,3787952 | H145: 6,24 | J145: 27,32 | L145: 27.323682 | M145: 0,01% | N145: 533164.32 | O145: 99,31%
A146: E9753 | B146: SICRO3 | C146: Grupo gerador - 23 kVA | D146: Equipamento | E146: H | F146: 0,7105712 | G146: 0,0000000 | H146: 38,23 | I146: 9,95 | J146: 27,17 | K146: 0,00 | L146: 27.165137 | M146: 0,01% | N146: 533191.49 | O146: 99,32%
A147: 00043460 | B147: SINAPI | C147: FERRAMENTAS - FAMILIA ELETRICISTA - HORISTA (ENCARGOS COMPLEMENTARES - COLETADO CAIXA) | D147: Encargos Complementares | E147: H | F147: 23,5137431 | H147: 1,07 | J147: 25,16 | L147: 25.159705 | M147: 0,00% | N147: 533216.65 | O147: 99,32%
A148: 00043468 | B148: SINAPI | C148: FERRAMENTAS - FAMILIA SOLDADOR - HORISTA (ENCARGOS COMPLEMENTARES - COLETADO CAIXA) | D148: Encargos Complementares | E148: H | F148: 16,0740000 | H148: 1,55 | J148: 24,91 | L148: 24.9147 | M148: 0,00% | N148: 533241.56 | O148: 99,33%
A149: 00000142 | B149: SINAPI | C149: SELANTE ELASTICO MONOCOMPONENTE A BASE DE POLIURETANO (PU) PARA JUNTAS DIVERSAS | D149: Material | E149: 310ML | F149: 0,5037827 | H149: 49,31 | J149: 24,84 | L149: 24.841525 | M149: 0,00% | N149: 533266.4 | O149: 99,33%
A150: 00005061 | B150: SINAPI | C150: PREGO DE ACO POLIDO COM CABECA 18 X 27 (2 1/2 X 10) | D150: Material | E150: KG | F150: 1,1280264 | H150: 21,75 | J150: 24,53 | L150: 24.534574 | M150: 0,00% | N150: 533290.94 | O150: 99,34%
...

Sheet CURVA ABC SERVIÇOS
A1: =RESUMO!$A$1 -> ESTADO DO PARÁ
A2: =RESUMO!$A$2 -> PREFEITURA MUNICIPAL DE XIINGUARA-PA
A3: =RESUMO!$A$3 -> CNPJ 04.144.150/0001-20
A4: =RESUMO!$A$4 -> ADM. 2025/2028
A6: =[79]RESUMO!A6 -> Cliente: | B6: =RESUMO!$B$6 -> PREFEITURA MUNICIPAL DE XINGUARA
A7: =[79]RESUMO!A7 -> Adm: | B7: =RESUMO!$B$7 -> OSVALDO DE OLIVEIRA ASSUNÇÃO JUNIOR
A8: =[79]RESUMO!A8 -> Objeto: | B8: =RESUMO!$B$8 -> CONSTRUÇÃO DE UMA PONTE DE CONCRETO NA VICINAL BARREIRO PRETO
A9: =[79]RESUMO!A9 -> Endereço: | B9: =RESUMO!$B$9 -> MUNICIPIO DE XINGUARA-PA, ZONA RURAL
A10: =[79]RESUMO!A10 -> Data: | B10: =RESUMO!$B$10 -> 46106
D11: Bancos | G11: B.D.I. | I11: Encargos Sociais
D12: =RESUMO!$D$12 -> SINAPI - 04/2026 - Pará SICRO3 - 01/2026 - Pará | G12: =RESUMO!$F$12 -> 0.2467 | I12: =RESUMO!$G$12 -> Não Desonerado: embutido nos preços unitário dos insumos de mão de obra, de acordo com as bases.
A13: Curva ABC de Serviços
A14: Código | B14: Banco | C14: Descrição | D14: Tipo | E14: Und | F14: Quant. | G14: Valor Unit | H14: Total | I14: Peso (%) | J14: Peso Acumulado (%)
A15: 2306113 | B15: SICRO3 | C15: Estaca trilho TR 68 - fornecimento e cravação | E15: m | F15: 216,0 | G15: 533,07 | H15: 115.143,12 | I15: 21,45 | J15: 21,45
A16: 102483 | B16: SINAPI | C16: CONCRETO FCK = 30MPA, TRAÇO 1:1,9:2,3 (EM MASSA SECA DE CIMENTO/ AREIA MÉDIA/ SEIXO ROLADO) - PREPARO MECÂNICO COM BETONEIRA 600 L. AF_05/2021 | D16: Produção de Concreto | E16: m³ | F16: 103,78 | G16: 940,38 | H16: 97.592,63 | I16: 18,18 | J16: 39,63
A17: 0204 | B17: Próprio | C17: ADMINISTRAÇÃO LOCAL DA OBRA | D17: SERT - SERVIÇOS TÉCNICOS | E17: mês | F17: 4,0 | G17: 7.103,44 | H17: 28.413,76 | I17: 5,29 | J17: 44,92
A18: 92265 | B18: SINAPI | C18: FABRICAÇÃO DE FÔRMA PARA VIGAS, EM CHAPA DE MADEIRA COMPENSADA RESINADA, E = 17 MM. AF_09/2020 | D18: Fôrmas para Estruturas de Concreto Armado | E18: m² | F18: 153,6 | G18: 176,00 | H18: 27.033,60 | I18: 5,04 | J18: 49,95
A19: 100343 | B19: SINAPI | C19: ARMAÇÃO DE CORTINA DE CONTENÇÃO EM CONCRETO ARMADO, COM AÇO CA-50 DE 8 MM - MONTAGEM. AF_11/2024 | D19: Estruturas de Contenção - Perfis Pranchados, Cortinas e Muros de Arrimo | E19: KG | F19: 1.104,94 | G19: 19,21 | H19: 21.225,89 | I19: 3,95 | J19: 53,91
A20: 3806420 | B20: SICRO3 | C20: Lançamento de viga pré-moldada de até 500 kN com utilização de guindaste | E20: un | F20: 4,0 | G20: 5.297,61 | H20: 21.190,44 | I20: 3,95 | J20: 57,86
A21: 93421 | B21: SINAPI | C21: GRUPO GERADOR REBOCÁVEL, POTÊNCIA 66 KVA, MOTOR A DIESEL - CHP DIURNO. AF_03/2016 | D21: Custos Horários Produtivo e Improdutivo dos Equipamentos | E21: CHP | F21: 176,0 | G21: 117,11 | H21: 20.611,36 | I21: 3,84 | J21: 61,70
A22: 100341 | B22: SINAPI | C22: FABRICAÇÃO, MONTAGEM E DESMONTAGEM DE FÔRMA PARA CORTINA DE CONTENÇÃO, EM CHAPA DE MADEIRA COMPENSADA PLASTIFICADA, E = 18 MM, 10 UTILIZAÇÕES. AF_11/2024 | D22: Estruturas de Contenção - Perfis Pranchados, Cortinas e Muros de Arrimo | E22: m² | F22: 289,08 | G22: 56,78 | H22: 16.413,96 | I22: 3,06 | J22: 64,75
A23: 92264 | B23: SINAPI | C23: FABRICAÇÃO DE FÔRMA PARA PILARES E ESTRUTURAS SIMILARES, EM CHAPA DE MADEIRA COMPENSADA PLASTIFICADA, E = 18 MM. AF_09/2020 | D23: Fôrmas para Estruturas de Concreto Armado | E23: m² | F23: 46,85 | G23: 310,55 | H23: 14.549,26 | I23: 2,71 | J23: 67,46
A24: 92765 | B24: SINAPI | C24: ARMAÇÃO DE PILAR OU VIGA DE ESTRUTURA CONVENCIONAL DE CONCRETO ARMADO UTILIZANDO AÇO CA-50 DE 20,0 MM - MONTAGEM. AF_06/2022 | D24: Armação para Estruturas de Concreto Armado | E24: KG | F24: 1.065,31 | G24: 12,25 | H24: 13.050,04 | I24: 2,43 | J24: 69,89
A25: 92771 | B25: SINAPI | C25: ARMAÇÃO DE LAJE DE ESTRUTURA CONVENCIONAL DE CONCRETO ARMADO UTILIZANDO AÇO CA-50 DE 10,0 MM - MONTAGEM. AF_06/2022 | D25: Armação para Estruturas de Concreto Armado | E25: KG | F25: 975,35 | G25: 12,89 | H25: 12.572,26 | I25: 2,34 | J25: 72,24
A26: 0202 | B26: Próprio | C26: FORNECIMENTO E MONTAGEM DE PRÉ-LAJE TRELIÇADA PRÉ-FABRICADAS TR-16, MEDIDAS 0,25x2,30, ESPESSURA 5CM, COM BARRA DE REFORÇO 8mm INCLUSO IÇAMENTO COM GUINDASTE. (REFERENCIA SINAPI 97723) | D26: Estruturas Pré-Fabricadas e Pré-Moldadas | E26: m³ | F26: 3,84 | G26: 3.104,50 | H26: 11.921,28 | I26: 2,22 | J26: 74,46
A27: 4815671 | B27: SICRO3 | C27: Reaterro e compactação com soquete vibratório | E27: m³ | F27: 471,37 | G27: 25,29 | H27: 11.920,94 | I27: 2,22 | J27: 76,68
A28: CPU125 | B28: Próprio | C28: EXECUÇÃO DE ALMOXARIFADO EM CANTEIRO DE OBRA EM CHAPA DE MADEIRA COMPENSADA, INCLUSO PRATELEIRAS. AF_02/2016 | D28: CANT - CANTEIRO DE OBRAS | E28: m² | F28: 9,0 | G28: 1.216,74 | H28: 10.950,66 | I28: 2,04 | J28: 78,72
A29: 0208 | B29: Próprio | C29: MOBILIZAÇÃO E DESMOBILIZAÇÃO PONTES | D29: SEDI - SERVIÇOS DIVERSOS | E29: UND | F29: 1,0 | G29: 9.777,31 | H29: 9.777,31 | I29: 1,82 | J29: 80,54
A30: 92761 | B30: SINAPI | C30: ARMAÇÃO DE PILAR OU VIGA DE ESTRUTURA CONVENCIONAL DE CONCRETO ARMADO UTILIZANDO AÇO CA-50 DE 8,0 MM - MONTAGEM. AF_06/2022 | D30: Armação para Estruturas de Concreto Armado | E30: KG | F30: 578,6 | G30: 15,39 | H30: 8.904,65 | I30: 1,66 | J30: 82,20
A31: 92263 | B31: SINAPI | C31: FABRICAÇÃO DE FÔRMA PARA PILARES E ESTRUTURAS SIMILARES, EM CHAPA DE MADEIRA COMPENSADA RESINADA, E = 17 MM. AF_09/2020 | D31: Fôrmas para Estruturas de Concreto Armado | E31: m² | F31: 34,62 | G31: 246,16 | H31: 8.522,05 | I31: 1,59 | J31: 83,78
A32: 92764 | B32: SINAPI | C32: ARMAÇÃO DE PILAR OU VIGA DE ESTRUTURA CONVENCIONAL DE CONCRETO ARMADO UTILIZANDO AÇO CA-50 DE 16,0 MM - MONTAGEM. AF_06/2022 | D32: Armação para Estruturas de Concreto Armado | E32: KG | F32: 686,75 | G32: 10,87 | H32: 7.464,97 | I32: 1,39 | J32: 85,17
A33: 92762 | B33: SINAPI | C33: ARMAÇÃO DE PILAR OU VIGA DE ESTRUTURA CONVENCIONAL DE CONCRETO ARMADO UTILIZANDO AÇO CA-50 DE 10,0 MM - MONTAGEM. AF_06/2022 | D33: Armação para Estruturas de Concreto Armado | E33: KG | F33: 546,17 | G33: 13,55 | H33: 7.400,60 | I33: 1,38 | J33: 86,55
A34: 100950 | B34: SINAPI | C34: TRANSPORTE COM CAMINHÃO CARROCERIA COM GUINDAUTO (MUNCK), MOMENTO MÁXIMO DE CARGA 11,7 TM, EM VIA URBANA EM LEITO NATURAL (UNIDADE: TXKM). AF_02/2026 | D34: Transporte, Carga e Descarga de Materiais | E34: TXKM | F34: 1.105,92 | G34: 6,17 | H34: 6.823,52 | I34: 1,27 | J34: 87,82
A35: 100344 | B35: SINAPI | C35: ARMAÇÃO DE CORTINA DE CONTENÇÃO EM CONCRETO ARMADO, COM AÇO CA-50 DE 10 MM - MONTAGEM. AF_11/2024 | D35: Estruturas de Contenção - Perfis Pranchados, Cortinas e Muros de Arrimo | E35: KG | F35: 408,31 | G35: 15,52 | H35: 6.336,97 | I35: 1,18 | J35: 89,00
A36: 92453 | B36: SINAPI | C36: MONTAGEM E DESMONTAGEM DE FÔRMA DE VIGA, ESCORAMENTO COM GARFO DE MADEIRA, PÉ-DIREITO DUPLO, EM CHAPA DE MADEIRA RESINADA, 4 UTILIZAÇÕES. AF_09/2020 | D36: Fôrmas para Estruturas de Concreto Armado | E36: m² | F36: 16,0 | G36: 361,55 | H36: 5.784,80 | I36: 1,08 | J36: 90,08
A37: 5915407 | B37: SICRO3 | C37: Carga, manobra e descarga de agregados ou solos em caminhão basculante de 10 m³ - carga com carregadeira de 3,40 m³ e descarga livre | E37: t | F37: 1.311,44 | G37: 3,86 | H37: 5.062,15 | I37: 0,94 | J37: 91,02
A38: 96546 | B38: SINAPI | C38: ARMAÇÃO DE BLOCO UTILIZANDO AÇO CA-50 DE 10 MM - MONTAGEM. AF_01/2024 | D38: Fundações Rasas (Blocos, Sapatas, Vigas Baldrame) | E38: KG | F38: 238,31 | G38: 17,94 | H38: 4.275,28 | I38: 0,80 | J38: 91,82
A39: 103689 | B39: SINAPI | C39: FORNECIMENTO E INSTALAÇÃO DE PLACA DE OBRA COM CHAPA GALVANIZADA E ESTRUTURA DE MADEIRA. AF_03/2022_PS | D39: Sinalização Vertical Viária | E39: m² | F39: 6,48 | G39: 632,32 | H39: 4.097,43 | I39: 0,76 | J39: 92,58
A40: 5214003 | B40: SICRO3 | C40: Pintura de setas e zebrados com termoplástico por aspersão - espessura de 1,5 mm | E40: m² | F40: 50,85 | G40: 78,64 | H40: 3.998,84 | I40: 0,74 | J40: 93,33
A41: 92770 | B41: SINAPI | C41: ARMAÇÃO DE LAJE DE ESTRUTURA CONVENCIONAL DE CONCRETO ARMADO UTILIZANDO AÇO CA-50 DE 8,0 MM - MONTAGEM. AF_06/2022 | D41: Armação para Estruturas de Concreto Armado | E41: KG | F41: 261,8 | G41: 14,67 | H41: 3.840,60 | I41: 0,72 | J41: 94,04
A42: 5213465 | B42: SICRO3 | C42: Placa de advertência em aço, lado de 0,80 m - película retrorrefletiva tipo I + SI - fornecimento e implantação | E42: un | F42: 6,0 | G42: 627,72 | H42: 3.766,32 | I42: 0,70 | J42: 94,75
A43: 4805757 | B43: SICRO3 | C43: Escavação mecânica de vala em material de 1ª categoria | E43: m³ | F43: 377,1 | G43: 9,17 | H43: 3.458,00 | I43: 0,64 | J43: 95,39
A44: 96540 | B44: SINAPI | C44: FABRICAÇÃO, MONTAGEM E DESMONTAGEM DE FÔRMA PARA BLOCO DE COROAMENTO, EM CHAPA DE MADEIRA COMPENSADA RESINADA, E=17 MM, 4 UTILIZAÇÕES. AF_01/2024 | D44: Fundações Rasas (Blocos, Sapatas, Vigas Baldrame) | E44: m² | F44: 17,92 | G44: 191,44 | H44: 3.430,60 | I44: 0,64 | J44: 96,03
A45: 101498 | B45: SINAPI | C45: ENTRADA DE ENERGIA ELÉTRICA, AÉREA, BIFÁSICA, COM CAIXA DE SOBREPOR, CABO DE 16 MM2 E DISJUNTOR DIN 50A (NÃO INCLUSO O POSTE DE CONCRETO). AF_12/2025 | D45: Instalações Elétricas - Rede de Distribuição | E45: UN | F45: 1,0 | G45: 2.857,04 | H45: 2.857,04 | I45: 0,53 | J45: 96,56
A46: 95609 | B46: SINAPI | C46: ARRASAMENTO MECÂNICO DE ESTACA METÁLICA, PERFIL LAMINADO TIPO H - FAMÍLIA 310. AF_05/2021 | D46: Arrasamento de Estacas | E46: UN | F46: 36,0 | G46: 68,48 | H46: 2.465,28 | I46: 0,46 | J46: 97,02
A47: 104920 | B47: SINAPI | C47: ARMAÇÃO DE BLOCO, SAPATA ISOLADA, VIGA BALDRAME E SAPATA CORRIDA UTILIZANDO AÇO CA-50 DE 12,5 MM - MONTAGEM. AF_01/2024 | D47: Fundações Rasas (Blocos, Sapatas, Vigas Baldrame) | E47: KG | F47: 170,57 | G47: 13,56 | H47: 2.312,92 | I47: 0,43 | J47: 97,45
A48: 92268 | B48: SINAPI | C48: FABRICAÇÃO DE FÔRMA PARA LAJES, EM CHAPA DE MADEIRA COMPENSADA PLASTIFICADA, E = 18 MM. AF_09/2020 | D48: Fôrmas para Estruturas de Concreto Armado | E48: m² | F48: 14,02 | G48: 125,09 | H48: 1.753,76 | I48: 0,33 | J48: 97,78
A49: 0307731 | B49: SICRO3 | C49: Aparelho de apoio de neoprene fretado para estruturas moldadas no local - fornecimento e instalação | E49: dm³ | F49: 8,0 | G49: 193,60 | H49: 1.548,80 | I49: 0,29 | J49: 98,07
A50: 92769 | B50: SINAPI | C50: ARMAÇÃO DE LAJE DE ESTRUTURA CONVENCIONAL DE CONCRETO ARMADO UTILIZANDO AÇO CA-50 DE 6,3 MM - MONTAGEM. AF_06/2022 | D50: Armação para Estruturas de Concreto Armado | E50: KG | F50: 96,11 | G50: 15,93 | H50: 1.531,03 | I50: 0,29 | J50: 98,35
A51: 93592 | B51: SINAPI | C51: TRANSPORTE COM CAMINHÃO BASCULANTE DE 14 M³, EM VIA URBANA EM REVESTIMENTO PRIMÁRIO (UNIDADE: M3XKM). AF_02/2026 | D51: Transporte, Carga e Descarga de Materiais | E51: M3XKM | F51: 400,0 | G51: 3,52 | H51: 1.408,00 | I51: 0,26 | J51: 98,61
A52: 92760 | B52: SINAPI | C52: ARMAÇÃO DE PILAR OU VIGA DE ESTRUTURA CONVENCIONAL DE CONCRETO ARMADO UTILIZANDO AÇO CA-50 DE 6,3 MM - MONTAGEM. AF_06/2022 | D52: Armação para Estruturas de Concreto Armado | E52: KG | F52: 74,6 | G52: 16,73 | H52: 1.248,05 | I52: 0,23 | J52: 98,85
A53: 92763 | B53: SINAPI | C53: ARMAÇÃO DE PILAR OU VIGA DE ESTRUTURA CONVENCIONAL DE CONCRETO ARMADO UTILIZANDO AÇO CA-50 DE 12,5 MM - MONTAGEM. AF_06/2022 | D53: Armação para Estruturas de Concreto Armado | E53: KG | F53: 108,24 | G53: 11,32 | H53: 1.225,27 | I53: 0,23 | J53: 99,07
A54: CPU124 | B54: Próprio | C54: Locação da obra a aparelho | D54: SEDOP | E54: m² | F54: 76,8 | G54: 14,27 | H54: 1.095,93 | I54: 0,20 | J54: 99,28
A55: 100983 | B55: SINAPI | C55: CARGA, MANOBRA E DESCARGA DE ENTULHO EM CAMINHÃO BASCULANTE 14 M³ - CARGA COM ESCAVADEIRA HIDRÁULICA (CAÇAMBA DE 0,80 M³ / 111 HP) E DESCARGA LIVRE (UNIDADE: M3). AF_02/2026 | D55: Transporte, Carga e Descarga de Materiais | E55: m³ | F55: 80,0 | G55: 12,51 | H55: 1.000,80 | I55: 0,19 | J55: 99,47
A56: 100346 | B56: SINAPI | C56: ARMAÇÃO DE CORTINA DE CONTENÇÃO EM CONCRETO ARMADO, COM AÇO CA-50 DE 16 MM - MONTAGEM. AF_11/2024 | D56: Estruturas de Contenção - Perfis Pranchados, Cortinas e Muros de Arrimo | E56: KG | F56: 74,73 | G56: 11,34 | H56: 847,43 | I56: 0,16 | J56: 99,62
A57: 96545 | B57: SINAPI | C57: ARMAÇÃO DE BLOCO UTILIZANDO AÇO CA-50 DE 8 MM - MONTAGEM. AF_01/2024 | D57: Fundações Rasas (Blocos, Sapatas, Vigas Baldrame) | E57: KG | F57: 31,09 | G57: 20,79 | H57: 646,36 | I57: 0,12 | J57: 99,74
A58: 96622 | B58: SINAPI | C58: LASTRO COM MATERIAL GRANULAR, APLICADO EM PISOS OU LAJES SOBRE SOLO, ESPESSURA DE *5 CM*. AF_01/2024 | D58: Lastro | E58: m³ | F58: 1,12 | G58: 541,47 | H58: 606,44 | I58: 0,11 | J58: 99,86
A59: 96619 | B59: SINAPI | C59: LASTRO DE CONCRETO MAGRO, APLICADO EM BLOCOS DE COROAMENTO OU SAPATAS, ESPESSURA DE 5 CM. AF_01/2024 | D59: Lastro | E59: m² | F59: 6,0 | G59: 67,74 | H59: 406,44 | I59: 0,08 | J59: 99,93
A60: 98525 | B60: SINAPI | C60: LIMPEZA MECANIZADA DE CAMADA VEGETAL, VEGETAÇÃO E PEQUENAS ÁRVORES (DIÂMETRO DE TRONCO MENOR QUE 0,20 M), COM TRATOR DE ESTEIRAS. AF_03/2024 | D60: Supressão Vegetal | E60: m² | F60: 400,0 | G60: 0,91 | H60: 364,00 | I60: 0,07 | J60: 100,00
F62: Total sem BDI | H62: 430649.83
F63: Total do BDI | H63: 106200.95
F64: Total Geral | H64: 536850.78
